Cogmind - Beta 16 @@@ ROGUE MODE // 2025.11.18 @ 20:40:46 // Winter2019/RPGLIKE Player: Rentaro Result: Establishing 0b11! Performance ------------- Evolutions (9) 4500 Regions Visited (46) 9200 Robots Destroyed (1931) 9655 Value Destroyed (116307) 116307 Prototype IDs (397) 7940 Alien Tech Used (5) 1000 Bonus (125121) 125121 TOTAL SCORE: 273723 Bonus ------- Triggered High Security 2000 Triggered Max Security 1000 High Alert Combat Kills 61460 Follower Combat Kills 239 Destroyed Unchained 1000 Entered Garrisons 800 Used RIF Installer 2500 Aligned with FarCom 300 Met Data Miner 300 Used Data Conduit 3000 Destroyed Z-Imprinter 1000 Met Zhirov 300 MAIN.C Attacked Warlord 500 Warlord Defense Kills 17788 Found Hidden Lab 3000 Decrypted A0 Command 3000 Pursued by Intercept 3500 Destroyed MAIN.C Guards 500 Met MAIN.C 5000 Destroyed MAIN.C Shell 5000 Destroyed MAIN.C 10000 Win 3000 Friendly Fire -66 Cogmind --------- Core Integrity 1000/1000 Matter 350/350 Energy 285/300 System Corruption 0% Temperature Cool (35) Movement Flying (12) Location 0b11 Command Parts ------- > --- POWER (2) -------- Light Fission Core Zero-point Reactor > --- PROPULSION (7) --- Diametric Drive Diametric Drive Diametric Drive Diametric Drive Diametric Drive Diametric Drive Diametric Drive > --- UTILITY (12) ----- Advanced Target Analyzer Experimental Target Analyzer Experimental Core Analyzer Experimental Core Analyzer Experimental Armor Integrity Analyzer Precision Energy Filter Particle Accelerator Experimental Weapon Cycler Experimental Reaction Control System Experimental Phase Shifter Graphene Brace > --- WEAPON (5) ------- Enhanced Force Rifle Enhanced Force Rifle Enhanced Force Rifle Enhanced Force Rifle Enhanced Force Rifle > --- INVENTORY (5) ---- Protomatter-30 Stasis Canceller Improved Shock Absorption System Advanced Datajack Peak State ------------ > --- POWER ------------ Light Fission Core Zero-point Reactor > --- PROPULSION ------- Diametric Drive Diametric Drive Diametric Drive Diametric Drive Diametric Drive Diametric Drive Diametric Drive > --- UTILITY ---------- Advanced Target Analyzer Experimental Target Analyzer Experimental Core Analyzer Experimental Core Analyzer Experimental Armor Integrity Analyzer Precision Energy Filter Particle Accelerator Experimental Weapon Cycler Experimental ECM Suite Experimental Reaction Control System Experimental Phase Shifter Graphene Brace > --- WEAPON ----------- Enhanced Force Rifle Enhanced Force Rifle Enhanced Force Rifle High-powered Disruptor Cannon > --- INVENTORY -------- Protomatter Stasis Canceller Improved Shock Absorption System Enhanced Force Rifle Advanced Datajack [Rating: 226] Favorites ----------- Power Light Fission Core Engine Light Ion Engine Power Core Light Fission Core Reactor Light Quantum Reactor Propulsion Diametric Drive Treads Experimental Biometal Medium Treads Leg High-density Centrium Leg Wheel Wheel Hover Unit Zionite Glidesys I Flight Unit Diametric Drive Utility Structural Scanner Device Structural Scanner Storage Zionite Biocell Processor Improved Corruption Screen Hackware System Mapper Protection Zionite Weapon Casing Weapon Enhanced Force Rifle Energy Gun Enhanced Force Rifle Energy Cannon YOLO Cannon Ballistic Gun Light Assault Rifle Ballistic Cannon Improved Light Cannon Launcher Rocket Launcher Special Weapon Molecular Deconstructor Impact Weapon Heavy Hammer Piercing Weapon Spear Special Melee Weapon Improved Datajack Build | -11 -10 -10 -9 -9 -9 -8 -8 -8 -8 -8 -7 -7 -7 -7 -7 -7 -7 -6 -6 -6 -6 -6 -5 -5 -5 -5 -5 -4 -4 -4 -4 -4 -4 -4 -3 -3 -3 -3 -2 -2 -1 -1 -1 -1 -1 -1 ------- Run | Yrd Mat Min Mat Min Exi Min Mat Gar Mat Gar Fac Was Fac Low Low Zio Dee Pro Fac Low Low Dat Pro Fac Upp Upp Zhi Pro Fac Was Fac Upp Upp War Pro Res Arm Lab Res Qua Acc Gar Acc Gar Acc Com Slots Evolved 20 | 4 3 . 4 . 1 . 1 1 . . . . . . . . . . 1 . . . 1 . . . . . 1 . . . . 1 . . . 1 1 . . . . . . . Power 1 | . . . . . . . . . . . . . . . . . . . . . . . . . . . . . . . . . . . . . . . 1 . . . . . . . Propulsion 4 | 1 2 . . . . . . . . . . . . . . . . . . . . . 1 . . . . . . . . . . . . . . . . . . . . . . . Utility 11 | . 1 . 4 . 1 . 1 . . . . . . . . . . . 1 . . . . . . . . . 1 . . . . 1 . . . 1 . . . . . . . . Weapon 4 | 3 . . . . . . . 1 . . . . . . . . . . . . . . . . . . . . . . . . . . . . . . . . . . . . . . Parts Attached 233 | 6 14 2 15 2 2 . 10 7 3 . 5 2 15 1 2 2 25 4 14 1 1 3 5 13 . . . . 10 . 7 . . 8 . 2 3 5 4 3 . . . . . 37 Power 14 | 1 . . 2 . . . 1 . . . . . 1 . . . 4 1 . . . . . . . . . . . . . . . . . . . . 1 1 . . . . . 2 Engine 5 | 1 . . 1 . . . 1 . . . . . 1 . . . 1 . . . . . . . . . . . . . . . . . . . . . . . . . . . . . Core 2 | . . . 1 . . . . . . . . . . . . . . 1 . . . . . . . . . . . . . . . . . . . . . . . . . . . . Reactor 7 | . . . . . . . . . . . . . . . . . 3 . . . . . . . . . . . . . . . . . . . . . 1 1 . . . . . 2 Propulsion 47 | 2 4 . 5 . . . . 4 . . . . 5 . . . 7 . 2 . . . 2 2 . . . . 4 . 4 . . . . . . . 1 1 . . . . . 4 Treads 4 | . . . . . . . . . . . . . . . . . . . . . . . . . . . . . . . 1 . . . . . . . . 1 . . . . . 2 Leg 3 | . . . . . . . . . . . . . . . . . 1 . . . . . . . . . . . . . . . . . . . . . . . . . . . . 2 Wheel 2 | 2 . . . . . . . . . . . . . . . . . . . . . . . . . . . . . . . . . . . . . . . . . . . . . . Hover 6 | . . . . . . . . . . . . . . . . . 6 . . . . . . . . . . . . . . . . . . . . . . . . . . . . . Flight 32 | . 4 . 5 . . . . 4 . . . . 5 . . . . . 2 . . . 2 2 . . . . 4 . 3 . . . . . . . 1 . . . . . . . Utility 93 | . 4 1 2 1 . . 5 2 1 . 5 2 2 1 2 1 8 1 8 1 . 2 1 4 . . . . 5 . 2 . . 6 . . 1 3 2 1 . . . . . 19 Device 47 | . 4 . 2 1 . . 2 . . . 2 . . . 1 1 3 1 5 . . . . 3 . . . . 4 . 2 . . 4 . . 1 . 1 . . . . . . 10 Storage 4 | . . . . . . . . . . . . . . . . . 2 . . . . . . . . . . . . . . . . . . . . . . . . . . . . 2 Processor 24 | . . 1 . . . . 3 . . . 1 1 2 1 1 . . . 2 1 . 1 . 1 . . . . 1 . . . . 2 . . . 1 1 1 . . . . . 3 Hackware 12 | . . . . . . . . 2 1 . 2 1 . . . . . . 1 . . 1 1 . . . . . . . . . . . . . . 1 . . . . . . . 2 Protection 6 | . . . . . . . . . . . . . . . . . 3 . . . . . . . . . . . . . . . . . . . . 1 . . . . . . . 2 Artifact . | . . . . . . . . . . . . . . . . . . . . . . . . . . . . . . . . . . . . . . . . . . . . . . . Weapon 79 | 3 6 1 6 1 2 . 4 1 2 . . . 7 . . 1 6 2 4 . 1 1 2 7 . . . . 1 . 1 . . 2 . 2 2 2 . . . . . . . 12 Energy Gun 47 | 1 3 . 5 . . . 4 . 2 . . . 6 . . . 6 1 3 . 1 . 2 7 . . . . 1 . . . . 1 . 1 1 1 . . . . . . . 1 Energy Cannon 9 | . 2 . . . 1 . . . . . . . . . . 1 . . 1 . . . . . . . . . . . . . . 1 . . . 1 . . . . . . . 2 Ballistic Gun 10 | 2 . . 1 . 1 . . . . . . . . . . . . . . . . . . . . . . . . . . . . . . . . . . . . . . . . 6 Ballistic Cannon 3 | . 1 . . . . . . . . . . . . . . . . . . . . . . . . . . . . . . . . . . . . . . . . . . . . 2 Launcher 1 | . . 1 . . . . . . . . . . . . . . . . . . . . . . . . . . . . . . . . . . . . . . . . . . . . Special Weapon 4 | . . . . . . . . . . . . . . . . . . 1 . . . . . . . . . . . . 1 . . . . 1 1 . . . . . . . . . Impact Weapon 1 | . . . . 1 . . . . . . . . . . . . . . . . . . . . . . . . . . . . . . . . . . . . . . . . . . Slashing Weapon . | . . . . . . . . . . . . . . . . . . . . . . . . . . . . . . . . . . . . . . . . . . . . . . . Piercing Weapon 2 | . . . . . . . . . . . . . 1 . . . . . . . . 1 . . . . . . . . . . . . . . . . . . . . . . . . Special Melee Weapon 2 | . . . . . . . . 1 . . . . . . . . . . . . . . . . . . . . . . . . . . . . . . . . . . . . . 1 Unidentified Prototypes 41 | . . . 4 . . . 3 . . . . . 2 . . . 12 1 1 . . 1 1 1 . 1 2 . 1 . 1 . . 2 . . . 4 . 2 . . . . . 2 Parts Lost 8 | . . . . . . . . . . . 1 1 . . . . . 3 2 . . . . . . . . . . . . . . . . . . . . . . . . . . 1 Power . | . . . . . . . . . . . . . . . . . . . . . . . . . . . . . . . . . . . . . . . . . . . . . . . Propulsion 1 | . . . . . . . . . . . . . . . . . . 1 . . . . . . . . . . . . . . . . . . . . . . . . . . . . Utility 4 | . . . . . . . . . . . 1 . . . . . . 1 1 . . . . . . . . . . . . . . . . . . . . . . . . . . 1 Weapon 3 | . . . . . . . . . . . . 1 . . . . . 1 1 . . . . . . . . . . . . . . . . . . . . . . . . . . . Highest Loss Streak 2 | . . . . . . . . . . . 1 1 . . . . . 2 1 . . . . . . . . . . . . . . . . . . . . . . . . . . 1 To Critical Strikes . | . . . . . . . . . . . . . . . . . . . . . . . . . . . . . . . . . . . . . . . . . . . . . . . Average Backups 2 | . . 1 . 1 1 2 1 1 1 2 2 2 2 3 2 3 2 2 2 3 3 2 1 1 2 2 2 2 2 2 2 2 2 2 2 2 3 2 2 2 2 2 2 2 3 2 Power . | . . . . . . . . . . . . . . . . . . . . . . . . . . . . . . . . . . . . . . . . . . . . . . . Propulsion . | . . . . . . . . . . . . . . . . . . . . . . . . . . . . . . . . . . . . . . . . . . . . . . . Utility . | . . 1 . . . . . . . . . . . 1 . 1 . . . 1 1 1 . . 1 1 1 1 1 1 1 1 1 1 1 1 1 1 1 1 1 1 1 1 1 1 Weapon 1 | . . . . 1 1 2 1 1 1 1 1 1 1 2 2 2 2 2 2 2 2 1 1 1 1 1 1 1 1 1 1 1 1 1 1 1 1 1 1 1 1 1 1 1 1 . Tool/Special . | . . . . . . . . . . . . . . . . . . . . . . . . . . . . . . . . . . . . . . . . . . . . . . . Unused Backups 8 | . 1 . . . . . 1 . . . 2 . . . . . . . . . . . . 1 . . . . . . . . . . . . . . . . . . . . 1 2 Power . | . . . . . . . . . . . . . . . . . . . . . . . . . . . . . . . . . . . . . . . . . . . . . . . Propulsion 1 | . . . . . . . . . . . . . . . . . . . . . . . . 1 . . . . . . . . . . . . . . . . . . . . . . Utility 1 | . . . . . . . . . . . . . . . . . . . . . . . . . . . . . . . . . . . . . . . . . . . . . 1 . Weapon 5 | . 1 . . . . . 1 . . . 2 . . . . . . . . . . . . . . . . . . . . . . . . . . . . . . . . . . 1 Tool/Special 1 | . . . . . . . . . . . . . . . . . . . . . . . . . . . . . . . . . . . . . . . . . . . . . . 1 Average Slot Usage (%) 96 | . 91 100 96 91 80 87 93 98 100 100 96 95 97 100 100 100 99 90 95 94 99 95 88 88 90 89 84 85 88 95 96 100 100 99 100 100 99 98 98 100 100 100 100 100 100 99 Core 3 | . . . 3 6 6 6 5 5 5 5 5 5 5 5 5 5 4 2 5 5 5 5 5 5 5 4 4 4 4 4 4 4 4 4 4 4 4 4 3 3 3 3 3 3 3 2 Hover 2 | . . . . . . . . . . . . . . . . . 18 18 14 10 10 9 1 . . . . . . . . . . . . . . . . . . . . . . . Flight 20 | . 19 36 29 26 25 25 24 22 22 22 22 22 22 22 22 22 3 . 4 10 10 10 19 15 15 14 14 14 16 22 23 27 27 26 26 26 25 25 25 25 26 26 26 26 26 25 Device 25 | . 14 16 21 24 25 25 28 30 29 27 23 22 22 19 19 23 25 24 30 26 26 24 25 25 25 24 22 23 29 27 27 27 27 27 30 30 29 29 25 26 26 26 26 26 26 25 Processor 11 | . . 1 6 6 6 6 8 11 11 11 9 8 13 18 22 20 11 11 10 15 15 15 10 10 10 9 9 9 4 9 9 9 9 8 8 8 8 8 12 15 15 15 15 15 15 18 Hackware 4 | . . . . . . . . 1 2 5 7 11 7 5 2 . . . 3 5 5 4 10 10 10 9 9 9 9 9 9 9 9 8 8 8 8 8 6 3 3 3 3 3 3 . Energy Gun 21 | . 15 27 22 25 10 25 24 22 23 27 26 25 24 27 27 26 26 20 23 21 25 21 16 22 25 24 23 23 22 22 21 22 22 21 21 20 20 20 19 19 19 19 19 19 18 18 Peak Build Rating 226 | 6 15 15 31 34 62 36 53 57 49 49 52 54 68 67 67 69 107 112 94 80 84 83 88 125 124 124 124 124 146 146 158 158 157 173 173 174 175 184 204 209 204 204 204 205 205 226 Average Rating 120 | 4 10 15 23 33 41 36 42 50 46 49 48 49 60 67 66 67 94 97 83 76 83 80 75 106 124 123 123 124 131 146 150 157 157 161 173 173 173 175 190 203 204 204 204 204 204 204 On Entrance 106 | . 6 15 15 31 34 36 36 51 46 49 49 51 52 67 67 66 66 106 94 75 80 83 80 73 124 124 124 124 124 146 146 158 157 157 173 173 174 174 184 204 204 204 204 204 205 205 Avg Prop Armor Cover (%) 2 | . . . . . . . . . . . . . . . . . 3 . 1 3 2 4 8 5 . . . . . . 2 . . . . 1 . . 3 2 . . . . 1 7 Naked Turns . | . . . . . . . . . . . . . . . . . . . . . . . . . . . . . . . . . . . . . . . . . . . . . . . Heaviest Build 88 | 7 16 16 21 21 27 21 22 23 24 24 24 23 22 19 22 30 44 46 41 29 33 33 34 38 38 38 38 38 46 41 42 41 41 45 40 40 41 48 57 57 57 57 57 57 57 88 Greatest Support 75 | 26 26 16 30 30 30 30 30 30 26 26 30 30 30 30 30 30 68 66 52 43 43 43 33 51 51 51 51 51 59 57 58 57 57 57 57 57 57 57 64 64 64 64 64 64 64 75 Greatest Overweight (x) 3 | . 2 . . . . . . . . . . . . . . . 1 . . . . . 1 1 . . . . . . . . . . . 1 . . 2 1 . . . . 1 3 Average Overweight (x) . | . . . . . . . . . . . . . . . . . . . . . . . . . . . . . . . . . . . . . . . . . . . . . . . Largest Inventory Capacity 5 | . 1 1 2 2 3 3 3 3 3 3 3 3 4 4 4 4 4 4 4 4 4 4 4 4 4 4 4 4 4 4 4 4 4 4 4 4 4 4 4 4 4 4 4 5 5 5 Average Capacity 3 | . . 1 1 2 2 3 3 3 3 3 3 3 3 4 4 4 4 4 4 4 4 4 4 4 4 4 4 4 4 4 4 4 4 4 4 4 4 4 4 4 4 4 4 4 5 5 Most Carried 5 | . 1 1 2 2 3 3 3 3 3 3 3 3 4 4 4 4 4 4 4 4 4 4 4 4 4 4 4 4 4 4 4 4 4 4 4 4 4 4 4 4 4 4 4 5 5 5 Average Carried 3 | . . 1 1 2 1 3 1 2 2 3 2 3 3 3 3 3 3 2 3 3 3 3 3 3 3 4 3 4 3 4 3 3 3 3 3 3 3 3 3 3 3 3 4 3 4 3 Final Capacity 5 | . 1 1 2 2 3 3 3 3 3 3 3 3 4 4 4 4 4 4 4 4 4 4 4 4 4 4 4 4 4 4 4 4 4 4 4 4 4 4 4 4 4 4 4 5 5 5 Final Carried 5 | . 1 1 2 2 3 3 2 2 3 3 3 3 4 4 4 4 2 2 3 4 4 4 4 3 4 4 4 4 4 4 4 4 3 4 4 4 4 3 4 3 4 4 4 5 5 4 Class Distribution -------------------- 27% | Machinist-Scout 18% | Hacker-Scout 15% | Scavenger-Scout 12% | Machinist-Sprinter 6% | Scavenger-Gunner 5% | Hacker-Sprinter 4% | Scavenger-Sprinter 3% | Gunner Dominant Class ---------------- Gunner | -10/Materials Sprinter | -10/Mines Scavenger-Sprinter | -9/Materials Scavenger-Sprinter | -9/Mines Scavenger-Sprinter | -9/Exiles Scavenger-Scout | -8/Mines Scavenger-Scout | -8/Materials Scavenger-Scout | -8/Garrison Scavenger-Scout | -8/Materials Scavenger-Scout | -8/Garrison Scavenger-Scout | -7/Factory Scavenger-Scout | -7/Waste Hacker-Scout | -7/Factory Hacker-Sprinter | -7/Lower Caves Machinist-Sprinter | -7/Lower Caves Machinist-Sprinter | -7/Zion Scavenger-Gunner | -7/Deep Caves Scavenger-Gunner | -6/Proximity Caves Hacker-Scout | -6/Factory Hacker-Gunner | -6/Lower Caves Derelict-Gunner | -6/Lower Caves Derelict-Gunner | -6/Data Miner Hacker-Sprinter | -5/Proximity Caves Hacker-Scout | -5/Factory Hacker-Sprinter | -5/Upper Caves Hacker-Sprinter | -5/Upper Caves Hacker-Sprinter | -5/Zhirov Hacker-Sprinter | -4/Proximity Caves Hacker-Scout | -4/Factory Hacker-Scout | -4/Waste Machinist-Scout | -4/Factory Machinist-Sprinter | -4/Upper Caves Machinist-Sprinter | -4/Upper Caves Machinist-Sprinter | -4/Warlord Machinist-Sprinter | -3/Proximity Caves Machinist-Scout | -3/Research Machinist-Scout | -3/Armory Machinist-Sprinter | -3/Lab Machinist-Scout | -2/Research Machinist-Scout | -2/Quarantine Machinist-Scout | -1/Access Machinist-Scout | -1/Garrison Machinist-Scout | -1/Access Machinist-Scout | -1/Garrison Machinist-Scout | -1/Access Machinist-Scout | -1/Command Resources | -11 -10 -10 -9 -9 -9 -8 -8 -8 -8 -8 -7 -7 -7 -7 -7 -7 -7 -6 -6 -6 -6 -6 -5 -5 -5 -5 -5 -4 -4 -4 -4 -4 -4 -4 -3 -3 -3 -3 -2 -2 -1 -1 -1 -1 -1 -1 ----------- Run | Yrd Mat Min Mat Min Exi Min Mat Gar Mat Gar Fac Was Fac Low Low Zio Dee Pro Fac Low Low Dat Pro Fac Upp Upp Zhi Pro Fac Was Fac Upp Upp War Pro Res Arm Lab Res Qua Acc Gar Acc Gar Acc Com Matter Collected 6030 | 194 828 55 537 20 120 57 100 119 36 19 144 . 220 10 20 40 398 242 185 10 10 22 88 193 10 . . 77 110 20 100 10 . 372 . 40 160 . 160 60 20 . . . 120 1104 Remotely . | . . . . . . . . . . . . . . . . . . . . . . . . . . . . . . . . . . . . . . . . . . . . . . . Salvage Created 114098 | . 709 110 2034 63 811 . 1301 807 1683 744 1255 . 2392 341 737 1654 706 930 3290 544 647 22 861 2622 1306 472 255 206 3167 1313 1731 369 628 11545 1121 1226 1913 . 4998 1293 186 4919 . 4049 12411 36727 Parts 5727 | . 63 18 126 1 51 2 43 55 67 66 51 . 116 13 38 131 44 42 163 16 37 4 59 109 60 37 6 8 193 48 87 22 31 592 65 83 119 . 212 50 11 225 . 219 501 1843 Haulers Intercepted 44 | . 2 . 5 . . . 5 . 5 . 4 . 6 . . . . . 8 . . . . 3 . . . . . . . . 1 . . . . . 2 . . . . . 3 . Recyclers Shooed 4 | . . . . . . . 1 . . . . . . . . . . . 1 . . . . 1 . . . . 1 . . . . . . . . . . . . . . . . . Parts Field Recycled . | . . . . . . . . . . . . . . . . . . . . . . . . . . . . . . . . . . . . . . . . . . . . . . . Retrieved Matter . | . . . . . . . . . . . . . . . . . . . . . . . . . . . . . . . . . . . . . . . . . . . . . . . Parts Self-Destructed 407 | . . . . . . . . . . . . . . 6 40 1 . 42 . 11 37 . 55 . 54 29 6 8 . . . 22 31 . 65 . . . . . . . . . . . Prevented . | . . . . . . . . . . . . . . . . . . . . . . . . . . . . . . . . . . . . . . . . . . . . . . . Parts Restored . | . . . . . . . . . . . . . . . . . . . . . . . . . . . . . . . . . . . . . . . . . . . . . . . Kills | -11 -10 -10 -9 -9 -9 -8 -8 -8 -8 -8 -7 -7 -7 -7 -7 -7 -7 -6 -6 -6 -6 -6 -5 -5 -5 -5 -5 -4 -4 -4 -4 -4 -4 -4 -3 -3 -3 -3 -2 -2 -1 -1 -1 -1 -1 -1 ------- Run | Yrd Mat Min Mat Min Exi Min Mat Gar Mat Gar Fac Was Fac Low Low Zio Dee Pro Fac Low Low Dat Pro Fac Upp Upp Zhi Pro Fac Was Fac Upp Upp War Pro Res Arm Lab Res Qua Acc Gar Acc Gar Acc Com Combat Hostiles Destroyed 1717 | . 15 10 44 1 32 1 20 33 33 34 24 . 46 6 21 9 15 21 43 4 18 . 26 38 20 16 . 3 48 6 30 8 10 174 20 21 26 . 54 16 1 55 . 61 151 503 Guns 1603 | . 15 10 39 1 . 1 18 30 26 34 24 . 44 3 21 7 15 15 41 4 18 . 25 33 20 15 . 3 38 5 16 8 10 171 20 21 25 . 50 15 1 54 . 60 148 499 Cannons 3 | . . . . . 3 . . . . . . . . . . . . . . . . . . . . . . . . . . . . . . . . . . . . . . . . . AOE 56 | . . . 3 . 25 . . . . . . . . . . . . . 1 . . . . 4 . . . . 10 . 13 . . . . . . . . . . . . . . . Classes Destroyed 38 | . 6 3 4 . 3 . . . . 1 . . . 2 . 2 2 1 1 . . . . 2 1 1 . . . 1 . . . 5 . 1 . . . . . . . . 1 1 Worker 39 | . 4 . 4 . . . . . . . 1 . 4 . . . . . 4 . . . . 5 . . . . 7 . 3 . . . . . . . 2 . . . . . 3 2 Builder 24 | . 3 . 3 . . . . . . . 1 . 1 . . . . . 4 . . . . 1 . . . . 7 . 1 . . . . . . . 2 . . . . . 1 . Tunneler 8 | . . 1 1 . . . . . 1 . . . 2 . . . . . . . . . . 1 . . . . . . . . . . . . . . 1 . . . . . 1 . Hauler 44 | . 2 . 5 . . . 5 . 5 . 4 . 6 . . . . . 8 . . . . 3 . . . . . . . . 1 . . . . . 2 . . . . . 3 . Recycler 21 | . . . 2 . . . 1 . 1 . . . 2 . . . . . 4 . . . . 1 . . . . 3 . . . . . . . . . 3 . . . . . 2 2 Carrier 5 | . . . . . . . . . . . . . . . . . . . . . . . . . 1 . . . . . . . . . . . . . . . . . . 1 1 2 Minesweeper 4 | . . . . . . . . . . . . . . 1 . . . . . 1 . . . . . . . 1 . . . 1 . . . . . . . . . . . . . . Mechanic 15 | . . . 1 . . . 1 . . . . . . . . . . . . . . . . . . . . . . . . . . 2 . . . . . . . . . 1 1 9 Operator 9 | . 1 . . . . . . . . . 1 . . . . . . . 3 . . . . . . . . . . . . . . . . . 1 . . . . . . . 1 2 Drone 2 | . . . . . . . . . . . . . . . . . . . . . . . . . . . . . . . . . . . . 1 . . . . . . . . . 1 Turret 3 | . . . . . . . . . . . . . . . . . . . . . . . . 3 . . . . . . . . . . . . . . . . . . . . . . Watcher 71 | . 3 . 4 . . . 4 . 3 . 1 . 5 . . . . . 4 . . . . 4 . . . . 6 . 5 . . . . 2 5 . 2 2 4 . . 1 9 7 Swarmer 273 | . . 9 4 . 1 . . 17 7 13 7 . 4 . 11 . . 9 6 . 13 . 14 2 4 7 . 2 12 . 13 5 4 5 8 . 4 . 5 4 . 12 . 19 17 35 Cutter 29 | . . . . . . . . . . . . . . . . . . . . . . . . 3 . . . . . . . . . . . 4 . . 3 . . 3 . 4 . 12 Saboteur 24 | . . . . . . . . . . . . . . . . . . . . . . . . . . . . . . . . . . 3 . . 2 . . . . . . . 1 18 Grunt 544 | . 15 . 29 1 15 . 16 11 17 16 10 . 25 . 6 . . 9 17 . 4 . 8 17 8 7 . . 15 . 3 . 5 53 2 8 5 . 7 5 . 13 . 16 45 136 Brawler 68 | . . . 1 . 1 . 1 . 2 1 . . . . . . . . 1 1 . . 1 1 1 1 . . 1 . . . . 14 3 . . . 1 . . . . . 6 31 Duelist 68 | . . . . . 2 . . . 2 . 1 . 1 . . . . 1 1 1 . . . 1 . . . . . . . . . 7 3 1 . . . . . 3 . . 9 35 Protector 36 | . . . . . . . . . . . . . . . . . . . . . . . . . . . . . . . . . . 5 . . . . . . . . . 1 7 23 Sentry 106 | . . . 10 . . . 3 3 5 1 3 . 8 . 3 . . 2 7 1 1 . 1 3 2 . . 1 4 . 3 1 . . 1 1 3 . 4 . 1 8 . 7 14 5 Demolisher 20 | . . 1 . . 1 . . . . . . . . . . . . . . . . . . . . . . . . . 1 . . 2 . . 1 . . . . . . 2 . 12 Specialist 29 | . . . . . . . . . . 1 . . . . . . . . . . . . . . . . . . . . . . . 1 . . . . . . . 2 . . 2 23 Hunter 135 | . . . . . 8 1 . 2 . . 1 . 3 . . . . . 3 . . . 2 1 2 . . . 7 . 1 . . 8 2 . 6 . 9 . . 4 . 2 19 54 Programmer 150 | . . . . . 4 . . . . 2 2 . 5 1 1 . . . 6 1 . . . 5 3 . . . 4 . 4 2 1 8 . . 4 . 3 3 . 5 . 8 6 72 Heavy 11 | . . . . . . . . . . . . . . . . . . . 2 . . . . . . . . . . . 1 . . . . 2 1 . 2 . . . . . 2 1 Behemoth 16 | . . . . . . . . . . . . . . 1 . . . . . . . . . . . 1 . . 1 . . . . . 1 . . . 2 . . 3 . 2 3 2 Compactor 6 | . . . . . . . . . . . . . . . . . . . . . . . . . . . . . . 6 . . . . . . . . . . . . . . . . M Guard 2 | . . . . . . . . . . . . . . . . . . . . . . . . . . . . . . . . . . . . . . . . . . . . . . 2 CL-0N3 Special 1 | . . . . . . . . . . . . . . . . . . . . . . . . . . . . . . . 1 . . . . . . . . . . . . . . . Hotshot 1 | . . . . . . . . . . . . . . . . . . . . . . . . . . . . . . . 1 . . . . . . . . . . . . . . . Tracker 25 | . . . . . . . . . . . . . . . . . . . . . . . . 2 . . . . 2 . 1 . . . . 2 . . 9 2 . . . . 7 . Combat Programmer 27 | . . . . . . . . . . . . . . . . . . . . . . . . 2 . . . . 2 . 1 . . . . 2 . . 9 2 . . . . 7 2 Investigator 1 | . . . . . . . . . . . . . . . . . . . . . . . . . . . . . . . . . . . . . . . . . . . . . 1 . Striker 27 | . . . . . . . . . . . . . . . . . . . . . . . . . . . . . . . . . . 6 . . . . . . . . . . 3 18 Executioner 28 | . . . . . . . . . . . . . . . . . . . . . . . . . . . . . . . . . . 11 . . . . . . . 2 . . 3 12 Alpha 7 2 | . . . . . . . . . . . . . . . . . . . . . . . . . . . . . . . . . . . . . . . . . . . . . . 2 Zionite 69 | . . . . . . . . . . . . . . . . 69 . . . . . . . . . . . . . . . . . . . . . . . . . . . . . . Z-Technician 5 | . . . . . . . . . . . . . . . . . 5 . . . . . . . . . . . . . . . . . . . . . . . . . . . . . Z-Light 11 | . . . . . . . . . . . . . . . . . 11 . . . . . . . . . . . . . . . . . . . . . . . . . . . . . Decomposer 11 | . . . . . . . . . . . . . . . . . . . . 4 . . 1 . 3 3 . . . . . . . . . . . . . . . . . . . . Packrat 2 | . . . . . . . . . . . . . . . . . . 2 . . . . . . . . . . . . . . . . . . . . . . . . . . . . Samaritan 1 | . . . . . . . . . . . . . . . . . . . . . . . . . . 1 . . . . . . . . . . . . . . . . . . . . Tinkerer 5 | . . . . . . . . . . . . . . . . . . 1 . . . . . . . . . . . . . . . 4 . . . . . . . . . . . . Assembled 3 | . . . . . . . . . . . . . . . . . 3 . . . . . . . . . . . . . . . . . . . . . . . . . . . . . Surgeon 2 | . . . . . . . . . . . . . . . . . . . . . . . . . . . . . . . . . . 2 . . . . . . . . . . . . Thug 26 | . . . . . . . . . . . . . . 4 . 1 . . . . . . . . . . . . . . . . . 21 . . . . . . . . . . . . Savage 4 | . . . . . . . . . . . . . . . . . . . . . . . . . . . . . . . . . . 4 . . . . . . . . . . . . Butcher 4 | . . . . . . . . . . . . . . . . 1 . . . . . . . . . . . . . . . . . 3 . . . . . . . . . . . . Bouncer 5 | . . . . . . . . . . . . . . . . . . . . . . . . . . . . . . . . . . 5 . . . . . . . . . . . . Martyr 1 | . . . . . . . . . . . . . . . . . . . . . . . . . . . . . . . . . . 1 . . . . . . . . . . . . Guerrilla 2 | . . . . . . . . . . . . . . . . . . . . . . . . . . . . . . . . . . . . . . . . . . . . . . 2 Wizard 1 | . . . . . . . . . . . . . . . . . . . . . . . . . . . . . . . . . . . . . . . . . . . . . . 1 Marauder 4 | . . . . . . . . . . . . . . . . 2 . . . . . . . . . . . . . . . . . 2 . . . . . . . . . . . . Mutant 16 | . . . . . . . . . . . . . . . . 5 . . . . . . . . . . . . . . . . . 9 . . . . . . . . . . . 2 Sapper 3 | . . . . . . . . . . . . . . . . . . . . . . . . . . . . . . . . . . 3 . . . . . . . . . . . . Commander 1 | . . . . . . . . . . . . . . . . . . . . . . . . . . . . . . . . . . 1 . . . . . . . . . . . . Knight 2 | . . . . . . . . . . . . . . . . . . . . . . . . . . . . . . . . . . 2 . . . . . . . . . . . . Best Kill Streak 101 | . 6 6 7 1 23 1 12 14 5 6 4 . 16 4 20 33 4 13 15 3 7 1 10 6 12 11 . 3 18 4 4 6 6 30 8 7 7 . 17 12 3 26 . 28 101 80 Combat Bots Only 89 | . 4 6 4 1 23 1 8 14 5 6 4 . 8 4 20 3 4 13 8 3 7 . 10 5 9 11 . 3 14 4 4 5 5 29 8 7 5 . 11 12 1 26 . 22 89 78 Max Kills in Single Turn 8 | . 1 2 2 1 8 1 2 2 2 2 2 . 2 1 2 2 3 2 2 2 4 1 2 5 2 2 . 2 6 1 4 3 3 3 2 2 2 . 3 2 1 4 . 3 3 4 Gunslinging 3 | . . 1 1 . . . 1 1 1 1 1 . 1 . 1 . 1 1 1 1 2 . 1 1 1 1 . 1 1 . 2 2 2 2 1 1 1 . 2 1 . 3 . 2 2 3 Exploded 7 | . . . 1 . 7 . . . . . . . . . . . . . 1 . . . . 2 . . . . 4 . 4 . . . . . . . . . . . . . . . Melee . | . . . . . . . . . . . . . . . . . . . . . . . . . . . . . . . . . . . . . . . . . . . . . . . Uniques/NPCs Destroyed 5 | . . . . . . . . . . . . . . . . . 1 . . . . 1 . 1 . . . . . . . . . . . . . . . . . . . . . 2 Z-Imprinter (-7/Deep Caves) Data Miner (-6/Data Miner) DW-4LL (-5/Factory) MAIN.C Shell (-1/Command) MAIN.C (-1/Command) Combat | -11 -10 -10 -9 -9 -9 -8 -8 -8 -8 -8 -7 -7 -7 -7 -7 -7 -7 -6 -6 -6 -6 -6 -5 -5 -5 -5 -5 -4 -4 -4 -4 -4 -4 -4 -3 -3 -3 -3 -2 -2 -1 -1 -1 -1 -1 -1 -------- Run | Yrd Mat Min Mat Min Exi Min Mat Gar Mat Gar Fac Was Fac Low Low Zio Dee Pro Fac Low Low Dat Pro Fac Upp Upp Zhi Pro Fac Was Fac Upp Upp War Pro Res Arm Lab Res Qua Acc Gar Acc Gar Acc Com Hostile Shots Fired 4858 | . 51 29 112 3 50 2 60 110 78 58 75 1 124 17 41 104 84 72 140 19 26 7 61 149 35 24 . 2 91 . 44 6 12 440 15 72 59 . 185 82 19 167 . 199 387 1546 Missed 3043 | . 11 9 45 1 24 1 24 55 45 28 46 . 72 6 20 63 32 29 71 12 18 5 30 89 20 13 . 1 48 . 24 5 5 242 11 36 42 . 77 53 18 119 . 152 271 1170 Hits 1815 | . 40 20 67 2 26 1 36 55 33 30 29 1 52 11 21 41 52 43 69 7 8 2 31 60 15 11 . 1 43 . 20 1 7 198 4 36 17 . 108 29 1 48 . 47 116 376 Melee 29 | . . . . . . . . . . . . 1 . . . 3 . 1 . . . . . 1 . . . . . . . . . 4 . 2 2 . 1 . . 1 . . . 13 Projectile 1786 | . 40 20 67 2 26 1 36 55 33 30 29 . 52 11 21 38 52 42 69 7 8 2 31 59 15 11 . 1 43 . 20 1 7 194 4 34 15 . 107 29 1 47 . 47 116 363 AOE 52 | . . 6 . . . . . . . . . . . . . . . . 1 . . . . . . . . . . . 2 . . 12 . . . . 2 . . 1 . 4 . 24 Critical Strikes 96 | . . . 1 . 1 . 5 4 2 2 1 . 2 2 . 3 . 1 2 . . . 3 3 . 1 . . 2 . . 1 1 11 . 1 . . 3 1 . 1 . 2 8 32 Actively Blocked 61 | . . . . . . . . . . . . . . . . . . . . . . . . . . . . . . . . 1 1 11 . 1 . . 3 1 . 1 . 2 8 32 Part Disruptions 14 | . . . . . . . . . . 1 . . . . . . . . 1 . . . . . . . . . . . . . . 2 . . . . 1 . . . . . . 9 Damage Taken 38893 | . 536 391 856 23 466 23 599 743 470 364 405 47 735 242 356 595 1675 732 1147 72 121 83 545 1624 289 203 . 16 812 . 558 22 123 4546 84 678 357 . 2399 581 22 962 . 1084 2381 10926 Core 31079 | . 434 327 674 23 388 18 499 603 393 293 337 37 587 205 282 488 1183 522 910 56 93 65 437 1307 236 160 . 12 660 . 470 17 95 3713 65 544 284 . 1751 468 22 756 . 883 1901 8881 Absorbed by Shields 34 | . . . . . . . . . . 16 . . . . . . . . . . . . . . . . . . . . . . . . . . . . . . . 13 . 5 . . Redirected to Core 25941 | . 339 212 613 . 271 18 350 496 267 242 228 37 484 133 258 369 790 472 805 51 93 65 370 1146 185 148 . 12 538 . 318 17 95 2969 65 497 265 . 1635 409 . 728 . 711 1706 7534 Redirected to Shielding 347 | . . . . . . . . . . . . . . . . . 277 70 . . . . . . . . . . . . . . . . . . . . . . . . . . . . Ignored by Resistances 3511 | . . . . . . . . . . . . . . . . . 186 50 71 2 5 10 32 100 19 23 . 1 71 . 21 3 16 338 9 53 28 . 144 44 . 60 . 143 420 1662 Regen/Repaired (Parts) 102 | . . . . . . . . . . . . . . . . . . . . . . . . . . . . . . . . . . . . . . . 102 . . . . . . . Core Remaining (%) 92 | 100 . 54 . . . 100 . . . 100 . . . . . . . 84 . . . . 95 . . . . 94 . . . . . . 100 . . 100 . 91 . . . . . 100 Volleys Fired 3314 | . 146 20 162 8 20 8 69 94 67 60 46 . 97 15 21 91 82 61 107 16 22 . 31 102 29 24 4 13 106 20 70 8 14 255 20 74 73 4 98 55 52 82 . 91 211 666 Largest 5 | . 4 4 4 4 1 4 4 4 5 5 5 . 5 5 5 5 5 5 5 4 5 . 5 5 5 5 5 5 5 5 5 5 5 5 5 5 5 1 5 5 5 5 . 5 5 5 Hottest 405 | . 140 198 224 224 100 224 227 227 281 281 281 . 305 305 305 305 317 313 338 243 312 . 333 405 405 405 405 405 405 405 405 405 405 405 405 405 405 105 405 405 405 405 . 405 405 405 Shots Fired 14227 | . 443 54 433 31 20 32 276 375 279 299 230 . 450 75 105 442 399 158 474 64 109 . 97 439 145 120 20 65 391 100 197 40 70 1261 96 210 228 4 450 147 221 398 . 451 1031 3298 Gun 14073 | . 408 50 402 31 2 32 276 375 279 299 230 . 450 75 105 437 399 126 474 64 109 . 97 439 145 120 20 65 391 100 197 40 70 1258 96 203 224 2 450 147 221 398 . 451 1025 3291 Cannon 80 | . 35 3 . . 18 . . . . . . . . . . 5 . 1 . . . . . . . . . . . . . . . 3 . . . 2 . . . . . . 6 7 Launcher 32 | . . 1 31 . . . . . . . . . . . . . . . . . . . . . . . . . . . . . . . . . . . . . . . . . . . Special 42 | . . . . . . . . . . . . . . . . . . 31 . . . . . . . . . . . . . . . . . 7 4 . . . . . . . . . Kinetic 309 | . 257 3 . . 2 . . . . . . . . . . . . . . . . . . . . . . . . . . . . . . . . . . . . . . . . 47 Thermal 13442 | . 186 50 402 31 18 32 276 375 279 299 230 . 450 75 105 442 285 69 277 48 87 . 97 439 145 120 20 65 391 100 197 40 70 1261 96 210 222 4 450 147 221 398 . 451 1031 3251 Explosive 32 | . . 1 31 . . . . . . . . . . . . . . . . . . . . . . . . . . . . . . . . . . . . . . . . . . . Electromagnetic 2 | . . . . . . . . . . . . . . . . . . . . . . . . . . . . . . . . . . . . . 2 . . . . . . . . . Phasic 407 | . . . . . . . . . . . . . . . . . 114 58 197 16 22 . . . . . . . . . . . . . . . . . . . . . . . . . Robot Hit Streak 99 | . 7 6 60 8 5 8 27 25 51 68 26 . 45 31 21 60 27 22 34 38 10 . 28 61 31 22 21 34 47 36 26 28 30 60 40 23 48 . 39 30 19 45 . 48 74 99 Robot Miss Streak 7 | . 4 7 3 . 1 . 2 1 2 2 2 . 2 1 2 2 1 2 3 1 2 . 1 2 1 2 . . 3 1 6 1 2 3 2 1 3 . 3 3 1 2 . 2 4 3 Penetration Max . | . . . . . . . . . . . . . . . . . . . . . . . . . . . . . . . . . . . . . . . . . . . . . . . Secondary Targets 655 | . . 3 4 . . . 10 15 12 11 7 . 13 1 8 19 5 8 10 1 7 . 11 10 7 6 . 1 10 1 4 3 4 68 10 5 7 . 10 6 . 19 . 30 65 244 Max Gunslinging Chain 4 | . . 2 1 . . . 2 2 1 2 1 . 2 1 1 2 2 2 1 1 2 . 2 2 2 1 . 1 2 1 3 2 2 2 2 1 1 . 3 1 . 3 . 2 2 4 Shots Hit Robots 7869 | . 97 21 227 5 10 7 171 108 203 119 147 . 263 55 63 252 98 65 243 30 42 1 70 258 69 73 10 13 179 86 97 24 38 864 67 98 113 . 274 64 16 243 . 233 650 2103 Core Hits 3831 | . 50 13 104 3 28 3 66 49 62 55 56 . 124 17 32 99 39 27 117 16 25 1 43 108 37 27 6 5 117 13 71 10 17 371 34 46 54 . 135 29 10 109 . 112 333 1158 Critical Kills 587 | . . . . . 4 . . . . . . . . . . . . . . . . . . 6 10 4 1 2 18 3 8 4 5 70 6 5 10 . 19 8 2 29 . 29 94 250 Critical Parts Destroyed 723 | . . . . . . . . . . . . . . . . . . . . . . . . 15 9 12 . 2 22 2 3 2 8 121 10 17 11 . 28 9 1 40 . 45 90 276 Critical Strikes 1605 | . . 3 22 . 4 . 21 8 17 3 3 . 23 3 6 30 4 1 26 1 2 . 8 33 20 17 3 5 41 20 12 8 13 211 18 22 22 . 54 17 3 73 . 81 196 551 Burn 180 | . . 3 22 . . . 21 8 17 3 3 . 23 3 6 30 3 . 17 1 2 . 8 10 . . . . . . . . . . . . . . . . . . . . . . Meltdown 4 | . . . . . 4 . . . . . . . . . . . . . . . . . . . . . . . . . . . . . . . . . . . . . . . . . Destroy 1410 | . . . . . . . . . . . . . . . . . . . . . . . . 23 20 17 3 5 41 20 12 8 13 211 18 22 22 . 54 17 3 73 . 81 196 551 Intensify 11 | . . . . . . . . . . . . . . . . . 1 1 9 . . . . . . . . . . . . . . . . . . . . . . . . . . . Melee Attacks 11 | . . . . 2 . . . 8 . . . . . . . . . . . . . 1 . . . . . . . . . . . . . . . . . . . . . . . . Impact 2 | . . . . 2 . . . . . . . . . . . . . . . . . . . . . . . . . . . . . . . . . . . . . . . . . . Slashing . | . . . . . . . . . . . . . . . . . . . . . . . . . . . . . . . . . . . . . . . . . . . . . . . Piercing 1 | . . . . . . . . . . . . . . . . . . . . . . 1 . . . . . . . . . . . . . . . . . . . . . . . . Sneak Attacks 2 | . . . . . . . . 1 . . . . . . . . . . . . . 1 . . . . . . . . . . . . . . . . . . . . . . . . Combat Hostiles 1 | . . . . . . . . 1 . . . . . . . . . . . . . . . . . . . . . . . . . . . . . . . . . . . . . . Follow-up Attacks . | . . . . . . . . . . . . . . . . . . . . . . . . . . . . . . . . . . . . . . . . . . . . . . . Damage Inflicted 266101 | . 1280 333 3887 72 3721 100 2671 1941 3647 2235 2817 . 5129 1190 1270 5329 4507 1948 7868 681 1107 95 1846 8765 2295 2404 401 400 8604 2784 5032 874 1357 29676 2713 3828 4354 . 11952 2639 613 9586 . 10177 26353 77620 Guns 253586 | . 1121 284 3169 72 . 100 2671 1941 3647 2235 2817 . 5129 1190 1270 5298 3187 1948 7467 681 1107 . 1846 7695 2295 2404 401 400 5977 2784 3020 874 1357 29676 2713 3828 4236 . 11812 2639 613 9586 . 10177 26353 77566 Cannons 1176 | . 19 . . . 1072 . . . . . . . . . . 31 . . . . . . . . . . . . . . . . . . . . . . . . . . . . . 54 Explosions 11177 | . 140 49 718 . 2649 . . . . . . . . . . . 1320 . 334 . . . . 1070 . . . . 2627 . 2012 . . . . . 118 . 140 . . . . . . . Melee 95 | . . . . . . . . . . . . . . . . . . . . . . 95 . . . . . . . . . . . . . . . . . . . . . . . . Ramming 67 | . . . . . . . . . . . . . . . . . . . 67 . . . . . . . . . . . . . . . . . . . . . . . . . . . Kinetic 1857 | . 622 . . . . . . . . . . . . . . . . . . . . . . . . . . . . . . . . . . . . . . . . . . . . 1235 Thermal 254987 | . 518 284 3287 72 3721 100 2671 1941 3647 2235 2817 . 5129 1190 1270 5329 4000 1207 4458 564 873 . 1846 8290 2295 2404 401 400 7385 2784 3717 874 1357 29676 2713 3828 4139 . 11812 2639 613 9586 . 10177 26353 76385 Explosive 3656 | . 140 49 600 . . . . . . . . . . . . . . . . . . . . 333 . . . . 1101 . 1315 . . . . . 118 . . . . . . . . . Electromagnetic 638 | . . . . . . . . . . . . . . . . . . . 141 . . . . 142 . . . . 118 . . . . . . . 97 . 140 . . . . . . . Impact . | . . . . . . . . . . . . . . . . . . . . . . . . . . . . . . . . . . . . . . . . . . . . . . . Slashing . | . . . . . . . . . . . . . . . . . . . . . . . . . . . . . . . . . . . . . . . . . . . . . . . Piercing 95 | . . . . . . . . . . . . . . . . . . . . . . 95 . . . . . . . . . . . . . . . . . . . . . . . . Phasic 4801 | . . . . . . . . . . . . . . . . . 507 741 3202 117 234 . . . . . . . . . . . . . . . . . . . . . . . . . Highest Corruption 3 | . . . 1 1 2 2 1 1 1 1 1 . . . . . . . 3 . . . . 1 1 1 1 1 . . . . . . . . . . . . . . . . . 1 Average Corruption 1 | . . . 1 1 1 2 1 1 1 1 1 . . . . . . . 2 . . . . 1 1 1 1 1 . . . . . . . . . . . . . . . . . 1 Corruption Purged 7 | . . . . . . . . . . . 1 . . . . . . . 5 . . . . . . . . . . . . . . . . . . . . . . . . . . 1 Corruption Blocked 64 | . . . . . . . . . . . 1 7 . . . 1 . . . . . . . . 1 . . . . . . . . 2 . 3 . . 8 1 . . . 4 7 29 Effects 78 | . . . 6 1 4 5 4 8 6 6 3 . . . . . . . 8 . . . . 12 4 2 1 2 . . . . . . . . . . . . . . . . . 6 Message Errors 23 | . . . 3 1 1 1 1 1 3 1 . . . . . . . . 2 . . . . 3 2 2 . . . . . . . . . . . . . . . . . . . 2 Matter Fused 22 | . . . 1 . 2 1 . 2 1 4 1 . . . . . . . 3 . . . . 2 1 . 1 1 . . . . . . . . . . . . . . . . . 2 Heat Flow Errors 9 | . . . 1 . . 3 1 2 . . . . . . . . . . . . . . . 2 . . . . . . . . . . . . . . . . . . . . . . Energy Discharges 8 | . . . 1 . . . 2 . 1 . . . . . . . . . 1 . . . . 2 1 . . . . . . . . . . . . . . . . . . . . . Parts Rejected 2 | . . . . . . . . . . . 1 . . . . . . . . . . . . . . . . . . . . . . . . . . . . . . . . . . 1 Data Loss (minor) 3 | . . . . . . . . . . . . . . . . . . . 1 . . . . 1 . . . 1 . . . . . . . . . . . . . . . . . . Data Loss (major) 5 | . . . . . 1 . . 1 1 . 1 . . . . . . . . . . . . 1 . . . . . . . . . . . . . . . . . . . . . . Alerts 1 | . . . . . . . . 1 . . . . . . . . . . . . . . . . . . . . . . . . . . . . . . . . . . . . . . Weapon Failures 5 | . . . . . . . . 1 . 1 . . . . . . . . 1 . . . . 1 . . . . . . . . . . . . . . . . . . . . . 1 Overload Shots 14 | . . . . . . . . . . . . . . . . 3 . 1 . . . . . . . . . . . . . . . 3 . . . 2 . . . . . . . 5 Overflow Damage 1038 | . 48 . 40 . 430 . . . . . . . . . . . . . 13 . . . . 60 . . . . 233 . 186 . . . . . 4 . . . . . . . . 24 Projectiles 361 | . . . . . 337 . . . . . . . . . . . . . . . . . . . . . . . . . . . . . . . . . . . . . . . . 24 Explosions 677 | . 48 . 40 . 93 . . . . . . . . . . . . . 13 . . . . 60 . . . . 233 . 186 . . . . . 4 . . . . . . . . . Melee . | . . . . . . . . . . . . . . . . . . . . . . . . . . . . . . . . . . . . . . . . . . . . . . . Knockbacks . | . . . . . . . . . . . . . . . . . . . . . . . . . . . . . . . . . . . . . . . . . . . . . . . Impact . | . . . . . . . . . . . . . . . . . . . . . . . . . . . . . . . . . . . . . . . . . . . . . . . Kinetic . | . . . . . . . . . . . . . . . . . . . . . . . . . . . . . . . . . . . . . . . . . . . . . . . Secondary . | . . . . . . . . . . . . . . . . . . . . . . . . . . . . . . . . . . . . . . . . . . . . . . . Self-Inflicted Damage 746 | . . 26 . . 58 . . . . . . . . . . . . . 274 . . . . 388 . . . . . . . . . . . . . . . . . . . . . . Shots 12 | . . 1 . . 1 . . . . . . . . . . . . . 4 . . . . 6 . . . . . . . . . . . . . . . . . . . . . . Rammed 3 | . . . . . . . . . . . . . . . . . . . 3 . . . . . . . . . . . . . . . . . . . . . . . . . . . Targets Rammed 3 | . . . . . . . . . . . . . . . . . . . 3 . . . . . . . . . . . . . . . . . . . . . . . . . . . Kicked . | . . . . . . . . . . . . . . . . . . . . . . . . . . . . . . . . . . . . . . . . . . . . . . . Crushed . | . . . . . . . . . . . . . . . . . . . . . . . . . . . . . . . . . . . . . . . . . . . . . . . Highest Temperature 523 | . 406 238 151 . . 149 54 212 106 129 57 . 75 191 139 274 287 24 225 54 63 . 51 402 396 523 260 260 381 407 377 377 424 523 329 289 232 . 367 375 329 210 . 252 267 275 Average Temperature 98 | . 70 97 43 . . 76 16 76 28 40 30 . 19 70 45 82 47 10 45 36 23 . 16 112 146 169 129 127 124 169 130 156 146 158 112 101 105 . 127 153 139 98 . 108 104 105 Received Heat Transfer 5769 | . 276 . 426 15 6 . 387 315 297 180 120 . 252 102 81 137 390 234 237 6 18 . 171 216 54 339 . . 141 . 18 9 30 463 . 75 . . 45 45 . 27 . 72 189 396 Effects 39 | . 2 . . . . . . . . . . . . . . . 2 . . . . . . 2 . 1 . . . . . . . 24 1 . 2 . 2 . 1 . . 2 . . Shutdowns 7 | . 1 . . . . . . . . . . . . . . . . . . . . . . 1 . . . . . . . . . 5 . . . . . . . . . . . . Energy Bleed 10 | . 1 . . . . . . . . . . . . . . . . . . . . . . . . 1 . . . . . . . 5 . . . . . . 1 . . 2 . . Interference 13 | . . . . . . . . . . . . . . . . . 2 . . . . . . . . . . . . . . . . 7 . . 2 . 2 . . . . . . . Matter Decay 4 | . . . . . . . . . . . . . . . . . . . . . . . . 1 . . . . . . . . . 3 . . . . . . . . . . . . Short Circuit 1 | . . . . . . . . . . . . . . . . . . . . . . . . . . . . . . . . . . . 1 . . . . . . . . . . . Damage (major) 4 | . . . . . . . . . . . . . . . . . . . . . . . . . . . . . . . . . . 4 . . . . . . . . . . . . Siege Activations . | . . . . . . . . . . . . . . . . . . . . . . . . . . . . . . . . . . . . . . . . . . . . . . . Martial Activations . | . . . . . . . . . . . . . . . . . . . . . . . . . . . . . . . . . . . . . . . . . . . . . . . Shielding Activations . | . . . . . . . . . . . . . . . . . . . . . . . . . . . . . . . . . . . . . . . . . . . . . . . Robots Disrupted 1 | . . . . . . . . . . . . . . . . . . . 1 . . . . . . . . . . . . . . . . . . . . . . . . . . . Combat Hostiles . | . . . . . . . . . . . . . . . . . . . . . . . . . . . . . . . . . . . . . . . . . . . . . . . Robots Corrupted . | . . . . . . . . . . . . . . . . . . . . . . . . . . . . . . . . . . . . . . . . . . . . . . . Combat Hostiles . | . . . . . . . . . . . . . . . . . . . . . . . . . . . . . . . . . . . . . . . . . . . . . . . Parts Fried 5 | . . . . . . . . . . . . . . . . . . . . . . . . . . . . . 1 . . . . . . . 3 . . . . . . . . 1 Impact Corruptions . | . . . . . . . . . . . . . . . . . . . . . . . . . . . . . . . . . . . . . . . . . . . . . . . Robots Melted 54 | . . . 2 . 4 . 3 3 7 . . . 2 3 . 2 . . 2 . . . 1 2 . 1 . . . 1 1 . . 3 . . 1 . 4 1 . 1 . 1 4 5 Combat Hostiles 50 | . . . 2 . 4 . 2 3 7 . . . 2 3 . 2 . . 1 . . . 1 1 . 1 . . . 1 1 . . 3 . . 1 . 4 1 . 1 . 1 3 5 Parts Melted 1131 | . 1 1 25 1 12 . 30 9 30 11 22 . 41 11 2 21 10 2 15 . 3 . 5 33 10 9 . 3 23 6 14 6 8 166 9 21 25 . 68 13 3 48 . 42 105 267 Heat Transferred 284465 | . 1340 1036 9979 185 3280 259 7955 4370 8843 4588 5772 . 11655 2294 2775 10385 2816 1221 7814 925 1517 . 3219 9821 2590 2812 360 481 7734 3219 3926 888 1406 28691 2664 3663 3959 . 10878 2405 592 8479 . 8531 22485 66653 Parts Sabotaged 9 | . . . . . . . . . . . . . . . . . . . . . . . . . . . . . . . . . . . . . 7 . . . . . . . . 2 Parts Stolen . | . . . . . . . . . . . . . . . . . . . . . . . . . . . . . . . . . . . . . . . . . . . . . . . Parts Stripped . | . . . . . . . . . . . . . . . . . . . . . . . . . . . . . . . . . . . . . . . . . . . . . . . Power Chain Reactions 1 | . . . . . . . . . . . . . . . . . . . . . . . . 1 . . . . . . . . . . . . . . . . . . . . . . Alert | -11 -10 -10 -9 -9 -9 -8 -8 -8 -8 -8 -7 -7 -7 -7 -7 -7 -7 -6 -6 -6 -6 -6 -5 -5 -5 -5 -5 -4 -4 -4 -4 -4 -4 -4 -3 -3 -3 -3 -2 -2 -1 -1 -1 -1 -1 -1 ------- Run | Yrd Mat Min Mat Min Exi Min Mat Gar Mat Gar Fac Was Fac Low Low Zio Dee Pro Fac Low Low Dat Pro Fac Upp Upp Zhi Pro Fac Was Fac Upp Upp War Pro Res Arm Lab Res Qua Acc Gar Acc Gar Acc Com Maximum Alert Level 5 | . 2 2 5 4 . . 2 4 4 5 4 1 3 . . . . . 5 . . . . 5 . . . . 4 2 4 . . . . 3 4 . 4 5 4 5 5 5 5 5 Low Security (%) 18 | 100 41 . 5 . . 100 26 . . . . . 3 . . . . . 14 . . . . 31 . . . . 55 51 34 . . . . 36 . . 49 . . . . . . . Level 1 10 | . 35 63 13 . . . 12 1 . . . 100 36 . . . . . 9 . . . . 18 . . . . 6 32 9 . . . . 12 8 . 4 . . . . . . . Level 2 15 | . 23 36 19 . . . 60 13 . . 34 . 47 . . . . . 16 . . . . 12 . . . . 13 15 17 . . . . 41 10 . 24 . . . . . . . Level 3 14 | . . . 24 37 . . . 36 59 24 43 . 12 . . . . . 29 . . . . 6 . . . . 6 . 11 . . . . 9 80 . 18 . . . . . . . Level 4 12 | . . . 28 62 . . . 48 40 32 22 . . . . . . . 18 . . . . 27 . . . . 18 . 26 . . . . . . . 2 . 100 18 . 8 . . Level 5 8 | . . . 6 . . . . . . 43 . . . . . . . . . . . . . 3 . . . . . . . . . . . . . . . . . 81 100 91 22 21 High Security 17 | . . . 1 . . . . . . . . . . . . . . . 11 . . . . . . . . . . . . . . . . . . . . . . . . . 77 78 Max Security 1 | . . . . . . . . . . . . . . . . . . . . . . . . . . . . . . . . . . . . . . . . 99 . . . . . . Sterilizations 1 | . . . . . . . . . . . . . . . . . . . . . . . . . . . . . . . . . . . . . . . . . . . . . 1 . Peak Influence 18266 | . 536 432 1794 1143 . 45 628 1547 1348 2026 1265 350 800 . . . . . 1945 . . . . 1810 . . . . 1404 494 1296 . . . . 725 1101 . 1251 2449 1507 2989 1792 3651 7505 18266 Initial 4803 | . . 207 148 1100 . . . 340 754 855 1063 350 217 . . . . . 119 . . . . 220 . . . . . 490 . . . . . 134 367 . . 699 1468 1205 1792 1433 2190 4803 Average 2703 | . 255 344 892 1102 . 15 401 1080 1054 1500 905 332 463 . . . . . 844 . . . . 641 . . . . 394 207 596 . . . . 375 869 . 368 1968 1460 2172 1792 2520 4886 12330 Influence Increases 56124 | . 1014 390 2098 143 670 95 900 1207 1274 1191 1041 . 1576 65 440 5 . 450 2374 105 395 20 565 2268 485 350 15 65 2824 14 1902 185 245 2830 445 963 1172 . 2018 849 139 1784 . 2218 5465 13870 Destroy 0b10 Robot/C 32140 | . 300 200 880 40 640 40 400 660 820 680 540 . 920 40 420 . . 420 860 80 360 20 520 740 420 320 . 60 960 . 540 160 200 2360 400 400 520 . 1080 320 20 1100 . 1220 2920 9560 Destroy 0b10 Robot/NC 1500 | . 65 5 100 . . . 55 . 55 . 40 . 100 5 . 5 . 5 135 15 5 . 5 75 . . 15 5 115 . 45 5 10 35 . 15 30 . 60 10 20 20 . 25 140 280 Destroy Leader 4216 | . 80 40 238 10 . 20 108 40 196 30 150 . 262 20 20 . . 10 282 10 30 . 40 164 50 30 . . 212 . 120 20 20 . 30 104 130 . 346 54 18 110 . 130 584 508 Allied During Kill 253 | . . . . 3 . 5 6 30 78 9 49 . . . . . . . . . . . . . . . . . . . . . . . . . . . . . . . . 73 . . Trap Triggered on 0b10 310 | . . . . . . . . . . . . . . . . . . . . . . . . 80 . . . . 80 . 150 . . . . . . . . . . . . . . . Successful Hack 951 | . 32 . 47 . . . 59 6 14 12 76 . 154 . . . . . 67 . . . . 75 . . . . 67 . 102 . . . . 39 28 . 49 . . 12 . 26 . 86 Select Force Hacks 270 | . 60 . 30 . . . 60 . 60 . . . 30 . . . . . 30 . . . . . . . . . . . . . . . . . . . . . . . . . . . Disable Machine 3915 | . 405 45 495 90 . 30 210 . 45 . 105 . 30 . . . . . 570 . . . . 315 . . . . 510 . 255 . . . . 30 270 . 30 105 . 105 . 60 90 120 Anti-Garrison Action 2050 | . . . . . . . . 250 . 350 . . . . . . . . . . . . . . . . . . . . . . . . . . . . . . . 200 . 300 900 50 Destroy Structure 5569 | . 72 10 263 . . . 2 191 6 95 51 . 35 . . . . . 310 . . . . 444 . . . . 610 14 450 . . . . 120 134 . 258 105 51 237 . 339 621 1151 Partial Spotted 540 | . . 15 15 . . . . 15 . . 15 . 15 . . . . . 15 . . . . 45 . . . . 30 . 60 . . . . 15 15 . 90 . 30 . . 15 30 120 Lose Combat Pursuer 4410 | . . 75 30 . 30 . . 15 . 15 15 . 30 . . . . 15 105 . . . . 330 15 . . . 240 . 180 . 15 435 15 240 45 . 105 255 . . . 30 180 1995 Influence Decreases 38903 | . 482 539 687 1275 1213 615 376 184 1505 481 2067 690 1089 446 260 601 . 261 618 1007 477 971 225 812 883 448 1325 65 1423 1415 606 560 276 1054 2912 461 1012 861 773 546 1081 302 1197 359 1611 2852 Entered New Map 25623 | . . 325 235 1095 1063 520 . 184 793 461 963 650 93 296 80 596 . . 70 721 199 961 10 130 669 268 1310 . . 911 . 480 176 890 2666 65 334 861 . 546 981 302 1197 359 1461 2702 Time Decay 10009 | . 482 214 452 180 150 95 376 . 342 . 374 20 546 150 180 5 . 231 518 286 278 10 215 522 214 180 15 65 503 504 595 80 100 164 246 386 518 . 463 . 100 . . . 110 140 Lost Part 80 | . . . . . . . . . . . 10 10 . . . . . 30 20 . . . . . . . . . . . . . . . . . . . . . . . . . . 10 Lost Ally 341 | . . . . . . . . . 70 20 120 10 . . . . . . 10 . . . . 10 . . . . 20 . 11 . . . . 10 10 . 10 . . . . . 40 . Purge Threat 2850 | . . . . . . . . . 300 . 600 . 450 . . . . . . . . . . 150 . . . . 900 . . . . . . . 150 . 300 . . . . . . . Squads Dispatched 295 | . 6 . 13 . . . 7 . 8 . 19 . 20 . 1 . . . 25 . 1 . . 21 . . . . 16 . 17 . . . . 14 7 . 11 22 1 . . . 42 44 Investigation 83 | . 5 . 12 . . . 4 . 5 . 8 . 9 . 1 . . . 6 . 1 . . 10 . . . . 8 . 5 . . . . 5 1 . 1 . . . . . . 2 Extermination 37 | . . . . . . . . . . . 3 . 5 . . . . . 4 . . . . 3 . . . . 4 . 4 . . . . 3 3 . 4 . 1 . . . 1 2 Reinforcement 35 | . 1 . . . . . . . . . 3 . . . . . . . 6 . . . . 3 . . . . 2 . 4 . . . . 4 2 . 3 . . . . . 3 4 Assault 112 | . . . 1 . . . . . . . 2 . 2 . . . . . 8 . . . . 3 . . . . . . 3 . . . . 1 1 . . 21 . . . . 34 36 Garrison 15 | . . . . . . . 3 . 3 . 3 . 4 . . . . . 1 . . . . . . . . . . . . . . . . . . . . . . . . . 1 . Intercept 13 | . . . . . . . . . . . . . . . . . . . . . . . . 2 . . . . 2 . 1 . . . . 1 . . 3 1 . . . . 3 . Searches Triggered . | . . . . . . . . . . . . . . . . . . . . . . . . . . . . . . . . . . . . . . . . . . . . . . . Unchained Authorized 8 | . . . . . . . . . . . . . . . . . . . . . . . . 2 . . . . . . 1 . 1 . 1 . . . 1 . 1 . . . 1 . Construction Impeded 2 | . . . . . . . . . . . . . . . . . . . 1 . . . . . . . . . 1 . . . . . . . . . . . . . . . . . Haulers Reinforced 5 | . . . . . . . . . . . 2 . . . . . . . 1 . . . . . . . . . . . . . . . . 1 . . . . . . . . 1 . Active Scanning Responses . | . . . . . . . . . . . . . . . . . . . . . . . . . . . . . . . . . . . . . . . . . . . . . . . Cargo Convoy Interrupts . | . . . . . . . . . . . . . . . . . . . . . . . . . . . . . . . . . . . . . . . . . . . . . . . Stealth | -11 -10 -10 -9 -9 -9 -8 -8 -8 -8 -8 -7 -7 -7 -7 -7 -7 -7 -6 -6 -6 -6 -6 -5 -5 -5 -5 -5 -4 -4 -4 -4 -4 -4 -4 -3 -3 -3 -3 -2 -2 -1 -1 -1 -1 -1 -1 --------- Run | Yrd Mat Min Mat Min Exi Min Mat Gar Mat Gar Fac Was Fac Low Low Zio Dee Pro Fac Low Low Dat Pro Fac Upp Upp Zhi Pro Fac Was Fac Upp Upp War Pro Res Arm Lab Res Qua Acc Gar Acc Gar Acc Com Distress Signals 42 | . . 1 3 . . . 4 . 2 . . . . . . . . . 3 . . . . 3 . . . . 5 . 2 . . 1 . . 1 . 1 4 . . . . 3 9 Communications Jammed . | . . . . . . . . . . . . . . . . . . . . . . . . . . . . . . . . . . . . . . . . . . . . . . . Distress Signals . | . . . . . . . . . . . . . . . . . . . . . . . . . . . . . . . . . . . . . . . . . . . . . . . Times Spotted 2172 | . 22 16 52 2 33 1 24 38 40 35 29 4 44 6 19 79 16 23 55 4 18 4 23 83 20 13 . 3 58 4 45 7 10 208 14 37 34 . 53 48 9 42 . 54 190 653 Peak Tracking Total 39 | . 5 8 6 2 24 1 5 5 4 5 4 4 5 4 11 10 5 7 6 3 7 4 7 18 7 5 . 3 9 2 6 5 5 33 6 11 7 . 9 18 6 5 . 6 15 39 Tactical Retreats 114 | . . 2 2 . 1 . . 1 . 1 1 . 2 . . 2 . 1 3 . . . . 11 1 . . . 7 . 8 . 1 10 1 6 2 . 2 6 . . . 2 7 34 Traps | -11 -10 -10 -9 -9 -9 -8 -8 -8 -8 -8 -7 -7 -7 -7 -7 -7 -7 -6 -6 -6 -6 -6 -5 -5 -5 -5 -5 -4 -4 -4 -4 -4 -4 -4 -3 -3 -3 -3 -2 -2 -1 -1 -1 -1 -1 -1 ------- Run | Yrd Mat Min Mat Min Exi Min Mat Gar Mat Gar Fac Was Fac Low Low Zio Dee Pro Fac Low Low Dat Pro Fac Upp Upp Zhi Pro Fac Was Fac Upp Upp War Pro Res Arm Lab Res Qua Acc Gar Acc Gar Acc Com Traps Triggered 31 | . 2 . 1 . . . . 1 . 9 5 . 2 . . . . . . . . . . . . . . . 1 . . . . 1 . 2 . . . 1 . . . 2 1 3 Indirectly . | . . . . . . . . . . . . . . . . . . . . . . . . . . . . . . . . . . . . . . . . . . . . . . . Trap Hack Attempts 74 | . . . . . . . . 57 . . . . . . . . . . . . . . . . . . . . . . . . . . . . . . . . . . . . . 17 Triggered 1 | . . . . . . . . 1 . . . . . . . . . . . . . . . . . . . . . . . . . . . . . . . . . . . . . . Disarmed 30 | . . . . . . . 6 . . . 6 . 4 . . . . . . . . . . . . . . . 6 . 8 . . . . . . . . . . . . . . . Reprogrammed 73 | . . . . . . . . 4 . . . . . . . . . . . . . . . 18 . . . . 21 . 28 . . . . . . . . . . . . . . 2 Reused 34 | . . . . . . . . . . . . . . . . . . . . . . . . 8 . . . . 8 . 18 . . . . . . . . . . . . . . . Traps Extracted . | . . . . . . . . . . . . . . . . . . . . . . . . . . . . . . . . . . . . . . . . . . . . . . . Installed . | . . . . . . . . . . . . . . . . . . . . . . . . . . . . . . . . . . . . . . . . . . . . . . . Triggered 31 | . . . . . . . . . . . . . . . . . . . . . . . . 8 . . . . 8 . 15 . . . . . . . . . . . . . . . Most Traps Carried 1 | . . . . . . . . . . . . . . . . . . . . . . . . . . . . . . . . . . 1 . . . . . . . . . . . . Objects Rigged 65 | . . . . . . . . . . . . . . . . . . . . . . . . 6 . . . . 29 . 27 . . . . . 2 . 1 . . . . . . . Exploded 20 | . . . . . . . . . . . . . . . . . . . . . . . . 2 . . . . 7 . 8 . . . . . 2 . 1 . . . . . . . Machines | -11 -10 -10 -9 -9 -9 -8 -8 -8 -8 -8 -7 -7 -7 -7 -7 -7 -7 -6 -6 -6 -6 -6 -5 -5 -5 -5 -5 -4 -4 -4 -4 -4 -4 -4 -3 -3 -3 -3 -2 -2 -1 -1 -1 -1 -1 -1 ---------- Run | Yrd Mat Min Mat Min Exi Min Mat Gar Mat Gar Fac Was Fac Low Low Zio Dee Pro Fac Low Low Dat Pro Fac Upp Upp Zhi Pro Fac Was Fac Upp Upp War Pro Res Arm Lab Res Qua Acc Gar Acc Gar Acc Com Machines Disabled 328 | . 27 3 33 6 3 2 14 6 3 7 7 . 2 . 2 4 3 3 38 . . . 1 21 . 2 . . 34 . 17 . 1 8 . 2 18 2 2 7 . 13 . 13 14 10 Max in Single Turn 8 | . 2 1 2 2 2 1 2 2 1 2 5 . 1 . 1 1 1 2 8 . . . 1 6 . 2 . . 8 . 4 . 1 2 . 1 1 1 1 1 . 2 . 2 1 2 Garrison Access 21 | . . . . . . . . . . . . . 1 . . . . . 1 . . . . 3 . . . . 2 . 3 . . . . 2 . . 3 . . . . . 6 . Garrison Relay 18 | . . . . . . . . 5 . 5 . . . . . . . . . . . . . . . . . . . . . . . . . . . . . . . 3 . 5 . . Phase Generator 5 | . . . . . . . . 1 . 1 . . . . . . . . . . . . . . . . . . . . . . . . . . . . . . . 1 . 1 . 1 Energy Cycler 1 | . . . . . . . . . . . . . . . . . . . . . . . . . . . . . . . . . . . . . . . . . . . . . 1 . Machines Repaired . | . . . . . . . . . . . . . . . . . . . . . . . . . . . . . . . . . . . . . . . . . . . . . . . Machines Dismantled . | . . . . . . . . . . . . . . . . . . . . . . . . . . . . . . . . . . . . . . . . . . . . . . . Machines Sabotaged . | . . . . . . . . . . . . . . . . . . . . . . . . . . . . . . . . . . . . . . . . . . . . . . . Overloaded Fab Kills . | . . . . . . . . . . . . . . . . . . . . . . . . . . . . . . . . . . . . . . . . . . . . . . . Hacking | -11 -10 -10 -9 -9 -9 -8 -8 -8 -8 -8 -7 -7 -7 -7 -7 -7 -7 -6 -6 -6 -6 -6 -5 -5 -5 -5 -5 -4 -4 -4 -4 -4 -4 -4 -3 -3 -3 -3 -2 -2 -1 -1 -1 -1 -1 -1 --------- Run | Yrd Mat Min Mat Min Exi Min Mat Gar Mat Gar Fac Was Fac Low Low Zio Dee Pro Fac Low Low Dat Pro Fac Upp Upp Zhi Pro Fac Was Fac Upp Upp War Pro Res Arm Lab Res Qua Acc Gar Acc Gar Acc Com Machines Accessed 267 | . 9 . 15 . 1 . 12 2 13 3 12 . 24 1 2 . . 1 17 2 1 4 1 21 2 1 6 . 27 . 23 4 1 7 . 14 6 3 13 . 3 4 1 3 . 8 Terminals 161 | . 7 . 12 . . . 8 2 10 3 9 . 12 . 1 . . 1 10 . 1 . 1 12 1 1 . . 16 . 13 . 1 . . 10 6 . 8 . 1 4 . 3 . 8 Fabricators 27 | . . . . . . . . . . . . . 6 . . . . . 3 . . . . 5 . . . . 6 . 4 . . . . 2 . . 1 . . . . . . . Repair Stations . | . . . . . . . . . . . . . . . . . . . . . . . . . . . . . . . . . . . . . . . . . . . . . . . Recycling Units 25 | . 2 . 2 . . . 2 . 2 . 2 . 4 . . . . . 3 . . . . . . . . . 3 . 3 . . . . . . . 1 . 1 . . . . . Scanalyzers 6 | . . . 1 . . . 1 . . . 1 . 1 . . . . . 1 . . . . 1 . . . . . . . . . . . . . . . . . . . . . . Garrison Access 18 | . . . . . . . 1 . 1 . . . 1 . . . . . . . . . . 3 . . . . 2 . 3 . . . . 2 . . 3 . 1 . 1 . . . Total Hacks 983 | . 34 . 58 . 1 . 43 4 39 4 36 . 65 1 6 . . 4 44 4 5 21 7 106 7 5 12 . 121 . 118 10 1 18 . 55 26 24 54 . 5 9 1 7 . 28 Successful 614 | . 16 . 24 . 1 . 27 1 20 2 20 . 44 1 6 . . 4 20 4 5 21 7 67 7 5 12 . 85 . 79 10 1 18 . 26 12 24 27 . 2 4 1 3 . 8 Failed 366 | . 18 . 33 . . . 15 3 19 2 16 . 20 . . . . . 24 . . . . 39 . . . . 36 . 39 . . . . 29 14 . 27 . 3 5 . 4 . 20 Catastrophic 53 | . 5 . 3 . . . . . 2 1 5 . 1 . . . . . 3 . . . . 2 . . . . 5 . 6 . . . . 2 3 . 4 . 1 2 . 1 . 7 Database Lockouts 3 | . . . 1 . . . 1 . . . . . 1 . . . . . . . . . . . . . . . . . . . . . . . . . . . . . . . . . Manual 471 | . 30 . 31 . 1 . 18 . 29 . 12 . 22 . . . . . 15 . . . . 58 . . . . 63 . 79 . . . . 35 21 1 40 . 2 . . . . 14 Terminals 727 | . 29 . 49 . . . 35 4 31 4 30 . 39 . 5 . . 4 27 . 5 . 7 90 6 5 . . 95 . 96 . 1 . . 48 26 . 45 . 2 9 . 7 . 28 Fabricators 73 | . . . . . . . . . . . . . 18 . . . . . 8 . . . . 11 . . . . 15 . 11 . . . . 5 . . 5 . . . . . . . Repair Stations . | . . . . . . . . . . . . . . . . . . . . . . . . . . . . . . . . . . . . . . . . . . . . . . . Recycling Units 57 | . 5 . 7 . . . 4 . 5 . 4 . 6 . . . . . 6 . . . . . . . . . 9 . 8 . . . . . . . 1 . 2 . . . . . Scanalyzers 12 | . . . 2 . . . 3 . . . 2 . 1 . . . . . 3 . . . . 1 . . . . . . . . . . . . . . . . . . . . . . Garrison Access 21 | . . . . . . . 1 . 3 . . . 1 . . . . . . . . . . 4 . . . . 2 . 3 . . . . 2 . . 3 . 1 . 1 . . . Terminal Hacks 346 | . 3 . 12 . 1 . 14 1 4 2 14 . 19 1 6 . . 4 10 4 5 21 7 33 7 5 12 . 40 . 34 10 1 18 . 8 4 24 9 . . 4 . 3 . 6 Record 101 | . . . . . . . . . . . . . . . 5 . . 4 . 3 5 11 7 . 6 5 7 . . . . 7 1 13 . . . 24 . . . . . . . 3 Part Schematic 15 | . . . . . . . . . . . 1 . 3 . . . . . . . . 1 . 5 . . 1 . 1 . 2 . . . . 1 . . . . . . . . . . Robot Schematic 6 | . . . . . . . . . . . . . . . . . . . . . . 6 . . . . . . . . . . . . . . . . . . . . . . . . Robot Analysis 4 | . 1 . 2 . . . 1 . . . . . . . . . . . . . . . . . . . . . . . . . . . . . . . . . . . . . . . Prototype ID Bank 25 | . . . 1 . . . 2 . 1 . 2 . 5 . . . . . 1 . . 3 . 1 . . 4 . . . . . . 5 . . . . . . . . . . . . Open Door 9 | . . . . . . . . 1 . . . . . 1 1 . . . . 1 . . . . 1 . . . . . . 3 . . . . . . . . . 1 . . . . Level Access Points 5 | . 1 . . . . . . . . . 1 . 1 . . . . . . . . . . . . . . . . . 1 . . . . . . . 1 . . . . . . . Branch Access Points 9 | . . . 1 . . . 1 . . . 1 . 1 . . . . . 1 . . . . 1 . . . . . . 1 . . . . 1 . . 1 . . . . . . . Emergency Access Points 3 | . . . . . . . . . . 1 . . . . . . . . . . . . . . . . . . . . . . . . . . . . . . . 1 . 1 . . Machine Index 2 | . . . . . . . . . . . . . 1 . . . . . . . . . . . . . . . 1 . . . . . . . . . . . . . . . . . Terminal Index 5 | . . . . . . . 1 . 1 . . . . . . . . . 1 . . . . . . . . . 1 . 1 . . . . . . . . . . . . . . . Fabricator Index 2 | . . . . . . . . . . . . . . . . . . . 1 . . . . . . . . . 1 . . . . . . . . . . . . . . . . . Repair Station Index 1 | . . . . . . . 1 . . . . . . . . . . . . . . . . . . . . . . . . . . . . . . . . . . . . . . . Garrison Index 1 | . . . . . . . 1 . . . . . . . . . . . . . . . . . . . . . . . . . . . . . . . . . . . . . . . Unreport Threat 19 | . . . . . . . . . 2 . 4 . 3 . . . . . . . . . . 1 . . . . 6 . . . . . . . 1 . 2 . . . . . . . Locate Traps 33 | . . . 3 . . . 2 . . . 1 . 2 . . . . . . . . . . 4 . . . . 8 . 9 . . . . 1 1 . 1 . . . . . . 1 Disarm Traps 6 | . . . . . . . 1 . . . 1 . 1 . . . . . . . . . . . . . . . 1 . 2 . . . . . . . . . . . . . . . Reprogram Traps 16 | . . . . . . . . . . . . . . . . . . . . . . . . 4 . . . . 4 . 8 . . . . . . . . . . . . . . . Dispatch Records 2 | . . . . . . . . . . . . . . . . . . . . . . . . 2 . . . . . . . . . . . . . . . . . . . . . . Surveillance Status 1 | . . . . . . . . . . . . . . . . . . . . . . . . . . . . . 1 . . . . . . . . . . . . . . . . . Transport Status 3 | . . . . . . . . . . . . . . . . . . . 3 . . . . . . . . . . . . . . . . . . . . . . . . . . . Investigation Status 5 | . . . . . . . . . . . . . . . . . . . . . . . . . . . . . 4 . 1 . . . . . . . . . . . . . . . Extermination Status 2 | . . . . . . . . . . . . . . . . . . . . . . . . . . . . . 1 . . . . . . 1 . . . . . . . . . . Reinforcement Status 3 | . . . . . . . . . . . . . . . . . . . . . . . . . . . . . 2 . 1 . . . . . . . . . . . . . . . Assault Status 3 | . . . . . . . . . . . . . . . . . . . . . . . . 1 . . . . . . 1 . . . . 1 . . . . . . . . . . Recall Investigation 10 | . . . . . . . . . . . . . . . . . . . . . . . . 5 . . . . 3 . 1 . . . . 1 . . . . . . . . . . Recall Extermination 4 | . . . . . . . . . . . . . . . . . . . . . . . . 1 . . . . 3 . . . . . . . . . . . . . . . . . Recall Reinforcements 2 | . . . . . . . . . . . . . . . . . . . . . . . . 1 . . . . . . . . . . . 1 . . . . . . . . . . Recall Assault 6 | . . . . . . . . . . . . . . . . . . . . . . . . 3 . . . . . . 2 . . . . 1 . . . . . . . . . . Hauler Manifests 14 | . 1 . 1 . . . 2 . . . 1 . 1 . . . . . 2 . . . . 2 . . . . 1 . 1 . . . . . 1 . 1 . . . . . . . Registered Components 7 | . . . . . . . 1 . . . 1 . 1 . . . . . . . . . . 1 . . . . 1 . 1 . . . . . . . 1 . . . . . . . Registered Prototypes 5 | . . . 1 . . . . . . . . . . . . . . . 1 . . . . . . . . . 1 . 1 . . . . . . . 1 . . . . . . . Zone Layout 9 | . . . 3 . . . 1 . . . 1 . . . . . . . . . . . . 1 . . . . . . 1 . . . . . 1 . 1 . . . . . . . Garrison Registry 3 | . . . . . . . . . . 1 . . . . . . . . . . . . . . . . . . . . . . . . . . . . . . . 1 . 1 . . Security Stations 2 | . . . . . . . . . . . . . . . . . . . . . . . . . . . . . . . . . . . . . . . . . . 1 . 1 . . Proto ID Catalog 1 | . . . . . 1 . . . . . . . . . . . . . . . . . . . . . . . . . . . . . . . . . . . . . . . . . Disengage Seal 2 | . . . . . . . . . . . . . . . . . . . . . . . . . . . . . . . . . . . . . . . . . . . . . . 2 Fabricator Hacks 54 | . . . . . . . . . . . . . 11 . . . . . 4 . . . . 10 . . . . 13 . 9 . . . . 5 . . 2 . . . . . . . Network Status 5 | . . . . . . . . . . . . . 1 . . . . . 1 . . . . . . . . . 1 . 1 . . . . 1 . . . . . . . . . . Load Schematic 25 | . . . . . . . . . . . . . 5 . . . . . 2 . . . . 5 . . . . 6 . 4 . . . . 2 . . 1 . . . . . . . Build 24 | . . . . . . . . . . . . . 5 . . . . . 1 . . . . 5 . . . . 6 . 4 . . . . 2 . . 1 . . . . . . . Repair Station Hacks . | . . . . . . . . . . . . . . . . . . . . . . . . . . . . . . . . . . . . . . . . . . . . . . . Recycling Unit Hacks 27 | . 3 . 1 . . . 2 . 2 . 2 . 5 . . . . . 2 . . . . . . . . . 4 . 4 . . . . . . . 1 . 1 . . . . . Retrieve Components 27 | . 3 . 1 . . . 2 . 2 . 2 . 5 . . . . . 2 . . . . . . . . . 4 . 4 . . . . . . . 1 . 1 . . . . . Scanalyzer 5 | . . . 1 . . . 1 . . . 1 . . . . . . . 1 . . . . 1 . . . . . . . . . . . . . . . . . . . . . . Retrieve Study 5 | . . . 1 . . . 1 . . . 1 . . . . . . . 1 . . . . 1 . . . . . . . . . . . . . . . . . . . . . . Garrison Access Hacks 19 | . . . . . . . 1 . 1 . . . 1 . . . . . . . . . . 4 . . . . 2 . 3 . . . . 2 . . 3 . 1 . 1 . . . Unlock Access 4 | . . . . . . . 1 . 1 . . . . . . . . . . . . . . . . . . . . . . . . . . . . . . . 1 . 1 . . . Seal Access 14 | . . . . . . . . . . . . . 1 . . . . . . . . . . 3 . . . . 2 . 3 . . . . 2 . . 3 . . . . . . . Coupler Status 1 | . . . . . . . . . . . . . . . . . . . . . . . . 1 . . . . . . . . . . . . . . . . . . . . . . Unauthorized Hacks 163 | . 10 . 10 . . . 9 . 13 . 3 . 8 . . . . . 3 . . . . 19 . . . . 26 . 29 . . . . 11 8 . 12 . . . . . . 2 Terminals 147 | . 8 . 9 . . . 7 . 10 . 3 . 7 . . . . . 2 . . . . 19 . . . . 23 . 26 . . . . 11 8 . 12 . . . . . . 2 Track 9 | . . . . . . . . . . . . . . . . . . . . . . . . 3 . . . . 3 . 2 . . . . . . . 1 . . . . . . . Assimilate 21 | . . . . . . . 1 . 3 . 1 . . . . . . . 1 . . . . 3 . . . . 4 . 5 . . . . 1 1 . 1 . . . . . . . Botnet 86 | . 7 . 8 . . . 5 . 6 . 2 . 6 . . . . . 1 . . . . 10 . . . . 10 . 9 . . . . 8 4 . 8 . . . . . . 2 Detonate 19 | . 1 . . . . . . . . . . . . . . . . . . . . . . 2 . . . . 5 . 7 . . . . . 2 . 2 . . . . . . . Disrupt 1 | . . . . . . . . . . . . . . . . . . . . . . . . . . . . . . . 1 . . . . . . . . . . . . . . . Operators 11 | . . . 1 . . . 1 . 1 . . . 1 . . . . . . . . . . 1 . . . . 1 . 2 . . . . 2 1 . . . . . . . . . Fabricators . | . . . . . . . . . . . . . . . . . . . . . . . . . . . . . . . . . . . . . . . . . . . . . . . Repair Stations . | . . . . . . . . . . . . . . . . . . . . . . . . . . . . . . . . . . . . . . . . . . . . . . . Recycling Units 15 | . 2 . 1 . . . 2 . 2 . . . 1 . . . . . 1 . . . . . . . . . 3 . 3 . . . . . . . . . . . . . . . Reject 6 | . . . . . . . . . . . . . . . . . . . . . . . . . . . . . 3 . 3 . . . . . . . . . . . . . . . Tunnel 9 | . 2 . 1 . . . 2 . 2 . . . 1 . . . . . 1 . . . . . . . . . . . . . . . . . . . . . . . . . . . Scanalyzers . | . . . . . . . . . . . . . . . . . . . . . . . . . . . . . . . . . . . . . . . . . . . . . . . Garrison Access 1 | . . . . . . . . . 1 . . . . . . . . . . . . . . . . . . . . . . . . . . . . . . . . . . . . . Reprogram 1 | . . . . . . . . . 1 . . . . . . . . . . . . . . . . . . . . . . . . . . . . . . . . . . . . . Data Cores Recovered 2 | . . . . . . . . . . . . . . . . . . . . . . . . . . . . . . . 1 . . . . . . . . . . . . . . 1 Used 1 | . . . . . . . . . . . . . . . . . . . . . . . . . . . . . . . 1 . . . . . . . . . . . . . . . Hacking Detections 178 | . 7 . 13 . . . 9 1 12 1 11 . 19 . 1 . . . 14 . 1 . . 17 . . . . 25 . 15 . . . . 11 6 . 6 . 1 . . 1 . 7 Full Trace Events 79 | . 7 . 13 . . . 4 . 1 1 7 . 8 . 1 . . . 5 . 1 . . 10 . . . . 8 . 5 . . . . 4 1 . 1 . . . . . . 2 Feedback Events 6 | . . . 1 . . . 1 . . . 3 . . . . . . . 1 . . . . . . . . . . . . . . . . . . . . . . . . . . . Corruption 5 | . . . 1 . . . 1 . . . 2 . . . . . . . 1 . . . . . . . . . . . . . . . . . . . . . . . . . . . Hackware Fried 1 | . . . . . . . . . . . 1 . . . . . . . . . . . . . . . . . . . . . . . . . . . . . . . . . . . Feedback Blocked . | . . . . . . . . . . . . . . . . . . . . . . . . . . . . . . . . . . . . . . . . . . . . . . . Robot Schematics Acquired 8 | . . . . . . . . . . . . . . . . 2 . . . . . 6 . . . . . . . . . . . . . . . . . . . . . . . . Robots Built . | . . . . . . . . . . . . . . . . . . . . . . . . . . . . . . . . . . . . . . . . . . . . . . . Authchips . | . . . . . . . . . . . . . . . . . . . . . . . . . . . . . . . . . . . . . . . . . . . . . . . Time . | . . . . . . . . . . . . . . . . . . . . . . . . . . . . . . . . . . . . . . . . . . . . . . . Total Robot Build Rating . | . . . . . . . . . . . . . . . . . . . . . . . . . . . . . . . . . . . . . . . . . . . . . . . Part Schematics Acquired 29 | . . . . . . . . . . . 1 . 3 . . 14 . . . . . 1 . 5 . . 1 . 1 . 2 . . . . 1 . . . . . . . . . . Parts Built 27 | . . . . . . . . . . . . . 5 . . . . . 1 . . . . 5 . . . . 8 . 4 . . . . 3 . . 1 . . . . . . . Authchips . | . . . . . . . . . . . . . . . . . . . . . . . . . . . . . . . . . . . . . . . . . . . . . . . Time 2271 | . . . . . . . . . . . . . 424 . . . . . 58 . . . . 421 . . . . 689 . 466 . . . . 151 . . 62 . . . . . . . Total Part Build Rating 143 | . . . . . . . . . . . . . 16 . . . . . 3 . . . . 30 . . . . 43 . 28 . . . . 16 . . 7 . . . . . . . Part Studies Acquired 5 | . . . 1 . . . 1 . . . 1 . . . . . . . 1 . . . . 1 . . . . . . . . . . . . . . . . . . . . . . Parts Repaired . | . . . . . . . . . . . . . . . . . . . . . . . . . . . . . . . . . . . . . . . . . . . . . . . Time . | . . . . . . . . . . . . . . . . . . . . . . . . . . . . . . . . . . . . . . . . . . . . . . . Parts Recycled . | . . . . . . . . . . . . . . . . . . . . . . . . . . . . . . . . . . . . . . . . . . . . . . . Recycled Matter . | . . . . . . . . . . . . . . . . . . . . . . . . . . . . . . . . . . . . . . . . . . . . . . . Retrieved Matter . | . . . . . . . . . . . . . . . . . . . . . . . . . . . . . . . . . . . . . . . . . . . . . . . Retrieved Components 84 | . 3 . 9 . . . 11 . 13 . 3 . 23 . . . . . 3 . . . . . . . . . 3 . 6 . . . . . . . 8 . 2 . . . . . Parts Scanalyzed . | . . . . . . . . . . . . . . . . . . . . . . . . . . . . . . . . . . . . . . . . . . . . . . . Part Schematics Acquired . | . . . . . . . . . . . . . . . . . . . . . . . . . . . . . . . . . . . . . . . . . . . . . . . Parts Damaged . | . . . . . . . . . . . . . . . . . . . . . . . . . . . . . . . . . . . . . . . . . . . . . . . Bothacking | -11 -10 -10 -9 -9 -9 -8 -8 -8 -8 -8 -7 -7 -7 -7 -7 -7 -7 -6 -6 -6 -6 -6 -5 -5 -5 -5 -5 -4 -4 -4 -4 -4 -4 -4 -3 -3 -3 -3 -2 -2 -1 -1 -1 -1 -1 -1 ------------ Run | Yrd Mat Min Mat Min Exi Min Mat Gar Mat Gar Fac Was Fac Low Low Zio Dee Pro Fac Low Low Dat Pro Fac Upp Upp Zhi Pro Fac Was Fac Upp Upp War Pro Res Arm Lab Res Qua Acc Gar Acc Gar Acc Com Used RIF Installer 5 | . . . . . . . . 2 . 1 . . . . . . . . . . . . . . . . . . . . . . . . . . . . . . . 1 . 1 . . Hotswap 1 | . . . . . . . . 1 . . . . . . . . . . . . . . . . . . . . . . . . . . . . . . . . . . . . . . Code Merge 1 | . . . . . . . . . . . . . . . . . . . . . . . . . . . . . . . . . . . . . . . . . . 1 . . . . Watcher Feeds 1 | . . . . . . . . . . 1 . . . . . . . . . . . . . . . . . . . . . . . . . . . . . . . . . . . . Alert ID Control 1 | . . . . . . . . . . . . . . . . . . . . . . . . . . . . . . . . . . . . . . . . . . . . 1 . . Robots Hacked 5 | . . . . . . . . 4 . . . . . . . . . . . . . . . . . . . . . . . . . . . . 1 . . . . . . . . . Non-combat 1 | . . . . . . . . . . . . . . . . . . . . . . . . . . . . . . . . . . . . . 1 . . . . . . . . . Combat 4 | . . . . . . . . 4 . . . . . . . . . . . . . . . . . . . . . . . . . . . . . . . . . . . . . . Robot Hacks Applied 7 | . . . . . . . . 4 . . . . . . . . . . . . . . . . . . . . . . . . . . . . 3 . . . . . . . . . parse_system 1 | . . . . . . . . . . . . . . . . . . . . . . . . . . . . . . . . . . . . . 1 . . . . . . . . . no_distress 1 | . . . . . . . . . . . . . . . . . . . . . . . . . . . . . . . . . . . . . 1 . . . . . . . . . check_alert 1 | . . . . . . . . . . . . . . . . . . . . . . . . . . . . . . . . . . . . . 1 . . . . . . . . . formatsys_high 4 | . . . . . . . . 4 . . . . . . . . . . . . . . . . . . . . . . . . . . . . . . . . . . . . . . Relay Couplers Released 34 | . . . . . . . . 9 . 10 . . 2 . . . . . 1 . . . . . . . . . . . . . . . . . . . . . . 5 . 6 1 . Machine Destruction 32 | . . . . . . . . 9 . 10 . . . . . . . . 1 . . . . . . . . . . . . . . . . . . . . . . 5 . 6 1 . Programmers 2 | . . . . . . . . . . . . . 2 . . . . . . . . . . . . . . . . . . . . . . . . . . . . . . . . . Attached 2 | . . . . . . . . 2 . . . . . . . . . . . . . . . . . . . . . . . . . . . . . . . . . . . . . . Fabnet Peak Effective % . | . . . . . . . . . . . . . . . . . . . . . . . . . . . . . . . . . . . . . . . . . . . . . . . Robots Rewired . | . . . . . . . . . . . . . . . . . . . . . . . . . . . . . . . . . . . . . . . . . . . . . . . Allies Hacked 1 | . . . . . . . . . . . . . . . . . . . 1 . . . . . . . . . . . . . . . . . . . . . . . . . . . Hacks Repelled . | . . . . . . . . . . . . . . . . . . . . . . . . . . . . . . . . . . . . . . . . . . . . . . . Allies | -11 -10 -10 -9 -9 -9 -8 -8 -8 -8 -8 -7 -7 -7 -7 -7 -7 -7 -6 -6 -6 -6 -6 -5 -5 -5 -5 -5 -4 -4 -4 -4 -4 -4 -4 -3 -3 -3 -3 -2 -2 -1 -1 -1 -1 -1 -1 -------- Run | Yrd Mat Min Mat Min Exi Min Mat Gar Mat Gar Fac Was Fac Low Low Zio Dee Pro Fac Low Low Dat Pro Fac Upp Upp Zhi Pro Fac Was Fac Upp Upp War Pro Res Arm Lab Res Qua Acc Gar Acc Gar Acc Com Total Allies 27 | . . . . 4 . . 1 6 3 . 1 . . . . . . . 1 . . . . 1 . . . . 3 . 2 . . . . 1 1 . 1 . . . . 2 . . Largest Group 11 | . . . . 4 3 3 4 10 11 8 7 1 . . . . . . 1 . . . . 1 . . . . 2 1 1 . . . . 1 1 . 1 . . . . 2 2 . Highest-Rated Group 190 | . . . . 71 40 40 50 180 190 115 100 9 . . . . . . 26 . . . . 26 . . . . 36 26 26 . . . . 45 26 . 26 . . . . 175 175 . Highest-Rated Ally 95 | . . . . 31 16 16 16 39 39 16 16 9 . . . . . . 26 . . . . 26 . . . . 26 26 26 . . . . 45 26 . 26 . . . . 95 95 . Total Orders 31 | . . . . . 2 . 7 7 5 2 . . . . . . . . . . . . . . . . . . 2 . 2 . . 2 . . . . 2 . . . . . . . STAY 13 | . . . . . 1 . 3 3 2 1 . . . . . . . . . . . . . . . . . . 1 . 1 . . . . . . . 1 . . . . . . . FOLLOW 16 | . . . . . 1 . 4 4 3 1 . . . . . . . . . . . . . . . . . . 1 . 1 . . . . . . . 1 . . . . . . . EXPLORE 2 | . . . . . . . . . . . . . . . . . . . . . . . . . . . . . . . . . . 2 . . . . . . . . . . . . Ally Attacks 59 | . . . . 3 . 5 . 1 23 1 26 . . . . . . . . . . . . . . . . . . . . . . . . . . . . . . . . . . . Total Damage 1099 | . . . . 42 . 73 . . 468 . 516 . . . . . . . . . . . . . . . . . . . . . . . . . . . . . . . . . . . Kills 15 | . . . . 1 . 1 . . 9 . 4 . . . . . . . . . . . . . . . . . . . . . . . . . . . . . . . . . . . Allies Corrupted 2 | . . . . . . . . . . . . . . . . . . . . . . . . . . . . . . . . . . 1 . . . . 1 . . . . . . . Allies Melted . | . . . . . . . . . . . . . . . . . . . . . . . . . . . . . . . . . . . . . . . . . . . . . . . Intel | -11 -10 -10 -9 -9 -9 -8 -8 -8 -8 -8 -7 -7 -7 -7 -7 -7 -7 -6 -6 -6 -6 -6 -5 -5 -5 -5 -5 -4 -4 -4 -4 -4 -4 -4 -3 -3 -3 -3 -2 -2 -1 -1 -1 -1 -1 -1 ------- Run | Yrd Mat Min Mat Min Exi Min Mat Gar Mat Gar Fac Was Fac Low Low Zio Dee Pro Fac Low Low Dat Pro Fac Upp Upp Zhi Pro Fac Was Fac Upp Upp War Pro Res Arm Lab Res Qua Acc Gar Acc Gar Acc Com Active Infowar (turns) 36306 | . 1259 391 1144 370 488 312 889 1064 773 901 867 44 1575 312 360 219 614 . 1575 630 605 64 483 1444 455 370 88 316 1868 1414 2326 179 214 1627 526 906 1425 343 1186 352 208 432 2 455 1033 4198 Optics 2 | . . . . . . . . . . . . . . . . . . . 2 . . . . . . . . . . . . . . . . . . . . . . . . . . . Sensors 3233 | . . . . . . . 469 1064 773 901 26 . . . . . . . . . . . . . . . . . . . . . . . . . . . . . . . . . . . Zeronet 2 | . . . . . . . . . . . . . . . . . . . . . . . . 2 . . . . . . . . . . . . . . . . . . . . . . Structural 35662 | . 1259 391 1144 370 488 312 889 522 773 901 867 44 1575 312 360 219 614 . 1575 630 605 64 483 1444 455 370 88 316 1868 1414 2326 179 214 1627 526 906 1425 343 1186 352 208 432 2 455 1033 4096 T.N.C. 646 | . . . . . . . . . . . . . . . . . . . 137 509 . . . . . . . . . . . . . . . . . . . . . . . . . . Cloaking 2 | . . . . . . . . . . . . . . . . . . . . . . . . . . . . . . . . . . . . . . . . . . . . . . 2 ECM 107 | . . . . . . . . . . . . . . . . . . . . . . . . . . . . . . . . . . . . . . . . . . . . . . 107 Robot Analysis Total 153 | . 1 . 2 . . . 1 . . . . . . . . . . . . . . 149 . . . . . . . . . . . . . . . . . . . . . . . . Derelict Logs Recovered 24 | . . 1 . 2 . . . . . . . . . 1 3 . . 2 . 3 2 . 2 . 2 2 . 2 . . . 1 1 . . . . . . . . . . . . . Drone Launches 25 | . . . . . . . . . . . . . . . . . . . . . . . . . . . . . . . . . . 25 . . . . . . . . . . . . Drone Recoveries 17 | . . . . . . . . . . . . . . . . . . . . . . . . . . . . . . . . . . 17 . . . . . . . . . . . . Exploration | -11 -10 -10 -9 -9 -9 -8 -8 -8 -8 -8 -7 -7 -7 -7 -7 -7 -7 -6 -6 -6 -6 -6 -5 -5 -5 -5 -5 -4 -4 -4 -4 -4 -4 -4 -3 -3 -3 -3 -2 -2 -1 -1 -1 -1 -1 -1 ------------- Run | Yrd Mat Min Mat Min Exi Min Mat Gar Mat Gar Fac Was Fac Low Low Zio Dee Pro Fac Low Low Dat Pro Fac Upp Upp Zhi Pro Fac Was Fac Upp Upp War Pro Res Arm Lab Res Qua Acc Gar Acc Gar Acc Com Turns Passed 40311 | 40 1459 454 1151 370 488 312 889 1064 773 901 868 44 1575 312 360 553 1619 909 1609 630 605 64 483 1444 455 370 88 316 1868 1414 2326 179 214 1759 526 906 1425 343 1186 359 208 432 2 455 1033 5471 Spaces Moved 61339 | 37 1551 867 1577 568 699 412 1343 1432 1127 998 1953 124 2798 906 1015 860 2258 1090 2097 997 922 105 1154 2782 1008 882 204 870 2961 262 2763 975 965 1568 868 1570 1186 318 1723 1173 473 963 13 749 1880 8293 Core 44 | 4 . . . . . . . . . . . . . . . . . . . . . . . . . . . . . . . . . . . . . . 2 . . . . . . 38 Treads . | . . . . . . . . . . . . . . . . . . . . . . . . . . . . . . . . . . . . . . . . . . . . . . . Legs 30 | . . . . . . . . . . . . . . . . . . . . . . . . . . . . . . . . . . . . . . . . . . . . . . 30 Wheels 455 | 33 422 . . . . . . . . . . . . . . . . . . . . . . . . . . . . . . . . . . . . . . . . . . . . . Hover 7177 | . . . . . . . . . . . . . . . . . 2007 1090 2097 997 922 64 . . . . . . . . . . . . . . . . . . . . . . . . Flight 53633 | . 1129 867 1577 568 699 412 1343 1432 1127 998 1953 124 2798 906 1015 860 251 . . . . 41 1154 2782 1008 882 204 870 2961 262 2763 975 965 1568 868 1570 1186 318 1721 1173 473 963 13 749 1880 8225 Fastest Speed 12 | 50 31 31 31 31 31 31 31 31 31 31 31 31 26 26 26 26 26 48 52 56 56 32 26 26 32 32 32 32 21 21 15 15 15 15 15 15 15 15 12 12 12 12 12 12 12 12 Average Speed 27 | 84 57 31 31 31 31 31 31 31 31 31 31 31 28 26 26 26 50 50 52 56 56 46 30 32 32 32 32 32 27 21 18 15 15 15 15 17 15 15 15 13 12 12 12 12 15 13 Slowest Speed 210 | 90 210 31 31 31 31 31 31 31 31 31 31 31 31 26 26 26 130 52 56 56 56 56 106 115 32 32 32 32 32 21 71 15 15 15 15 107 21 15 190 98 12 12 12 12 104 200 Overloaded Moves . | . . . . . . . . . . . . . . . . . . . . . . . . . . . . . . . . . . . . . . . . . . . . . . . Propulsion Burnouts . | . . . . . . . . . . . . . . . . . . . . . . . . . . . . . . . . . . . . . . . . . . . . . . . Robots Hopped 173 | . 2 2 5 2 . . 5 . 13 . 10 . 20 . 1 1 . . . . . 3 1 14 1 . . 1 11 . 25 . 1 6 . 4 3 . 7 5 1 . . . 12 17 Potential Cave-ins 78 | . . . . . . . . . . . . . . . . . 1 . . . . . . . . . . . 2 . . . . 14 . 6 . . . . . 3 . . 10 42 Cave-ins Triggered 1 | . . . . . . . . . . . . . . . . . . . . . . . . . . . . . . . . . . . . . . . . . . . . . . 1 Teleports 1 | . . . . . . . . . . . . . . . . . . . . . . . . . . . 1 . . . . . . . . . . . . . . . . . . . Time Travels 1 | . . . . . 1 . . . . . . . . . . . . . . . . . . . . . . . . . . . . . . . . . . . . . . . . . Exploration Rate (%) 78 | 3 99 99 97 92 65 99 81 91 80 90 55 80 77 98 98 88 93 97 58 98 98 79 98 55 98 96 62 99 64 86 64 98 98 97 98 37 56 99 31 91 14 93 1 95 55 94 Regions Visited 46 Branch Regions 25 Pre-discovered Areas 44 | . 2 1 1 1 . . 2 . 2 . . . 1 . 1 . . . 1 1 1 22 1 . 2 . 3 . . . . 1 1 . . . . . . . . . . . . . Known Exits Taken 26 | . . 1 1 1 1 1 1 . 1 . . . 1 1 1 . . 1 1 1 . . 1 1 1 1 . 1 . . 1 . 1 . 1 1 . . 1 1 1 . 1 . . . Unknown Exits Taken 12 | 1 1 . . . . . . . . . . . . . . 1 1 . . . 1 1 . . . . 1 . . . . 1 . 1 . . 1 1 . . . . . . 1 . Scrap Searched 46 | . . 1 . 1 . 1 . . . . . . . 5 10 1 . 3 . 5 2 . 4 . 1 2 . 3 . . . 2 1 . 4 . . . . . . . . . . . Spaces Dug 721 | . . . . . . . . . . . . . . . . . 71 1 28 1 8 . . 70 . 11 . 21 89 . 44 . 10 39 . 47 8 1 16 16 8 8 . . 95 129 Terrain Destroyed 3934 | . 73 12 290 . 131 . . 50 . 71 51 . 34 . . . 156 50 352 13 18 . . 237 38 40 . 30 329 8 240 12 40 199 19 70 67 1 94 35 22 125 . 136 230 661 Melee . | . . . . . . . . . . . . . . . . . . . . . . . . . . . . . . . . . . . . . . . . . . . . . . . Projectile 2083 | . 1 . . . 3 . . . . . . . . . . . 145 50 89 13 18 . . 74 38 22 . 30 142 8 73 12 26 199 19 70 47 1 94 35 22 42 . 59 155 596 AOE 1850 | . 72 12 290 . 128 . . 50 . 71 51 . 34 . . . 11 . 263 . . . . 163 . 18 . . 187 . 167 . 14 . . . 20 . . . . 83 . 77 75 64 Terrain Rammed . | . . . . . . . . . . . . . . . . . . . . . . . . . . . . . . . . . . . . . . . . . . . . . . . Walls Destroyed . | . . . . . . . . . . . . . . . . . . . . . . . . . . . . . . . . . . . . . . . . . . . . . . . Machines Disabled . | . . . . . . . . . . . . . . . . . . . . . . . . . . . . . . . . . . . . . . . . . . . . . . . Actions | -11 -10 -10 -9 -9 -9 -8 -8 -8 -8 -8 -7 -7 -7 -7 -7 -7 -7 -6 -6 -6 -6 -6 -5 -5 -5 -5 -5 -4 -4 -4 -4 -4 -4 -4 -3 -3 -3 -3 -2 -2 -1 -1 -1 -1 -1 -1 --------- Run | Yrd Mat Min Mat Min Exi Min Mat Gar Mat Gar Fac Was Fac Low Low Zio Dee Pro Fac Low Low Dat Pro Fac Upp Upp Zhi Pro Fac Was Fac Upp Upp War Pro Res Arm Lab Res Qua Acc Gar Acc Gar Acc Com Total 78915 | 42 1826 1007 1902 733 916 575 1637 1815 1367 1424 2095 127 3337 948 1064 992 2556 1305 2380 1037 962 116 1232 3146 1092 929 219 884 3860 1588 4487 994 1010 2676 1232 2122 2349 608 2493 1308 549 1152 13 969 2274 11566 Wait 11181 | . 73 117 70 153 153 154 181 122 152 207 63 1 376 13 . 3 76 96 76 5 5 . . 149 33 8 4 1 730 1298 1620 4 22 568 335 436 1041 268 548 55 25 40 . 32 44 1824 Move 60948 | 36 1546 862 1566 563 698 411 1334 1430 1102 996 1933 123 2759 905 1012 857 2257 1089 2096 996 921 99 1151 2753 1005 881 203 867 2939 261 2712 974 962 1554 867 1562 1179 317 1709 1152 470 962 13 748 1855 8261 Hop 161 | . 2 2 5 2 . . 4 . 11 . 10 . 18 . 1 1 . . . . . 2 1 14 1 . . 1 11 . 25 . 1 6 . 3 3 . 6 5 1 . . . 12 13 Pick Up 230 | . 4 . 5 . 2 . 6 1 2 1 2 . 5 1 3 3 7 4 8 3 2 2 5 12 4 1 1 . 5 2 7 2 1 20 2 3 5 1 11 3 1 8 . 7 11 57 Fast Attach 214 | 6 11 1 6 1 7 . 6 2 1 . 11 2 5 . 1 1 23 2 8 . 1 1 4 6 . 2 4 . 10 . 7 . . 10 . 3 8 7 4 2 . . . . . 51 Attach 35 | . . . 1 . . . . 2 . . . . 2 . 1 1 . 3 2 1 . 3 2 2 . . . . . . . . . . . . 1 2 . 2 . . . . . 10 Detach 38 | . . . . . . . 1 2 1 . 2 . 3 . 1 1 1 . 2 . . 3 . 2 . . . . 1 . . . . 1 . . . 1 1 2 . . . . . 13 Swap 152 | . 8 1 13 4 . . 6 5 2 . 1 1 12 1 . 3 20 2 6 . . 1 . 7 . . . . 3 . 4 . . 10 . 1 3 3 . 4 . . . . 12 19 Drop 390 | . 11 1 15 . 9 . 9 2 3 1 4 . 10 1 3 2 35 4 10 2 2 4 9 19 3 2 3 . 13 2 16 2 2 29 2 6 6 5 11 4 . 8 . 6 11 103 Fire 3314 | . 146 20 162 8 20 8 69 94 67 60 46 . 97 15 21 91 82 61 107 16 22 . 31 102 29 24 4 13 106 20 70 8 14 255 20 74 73 4 98 55 52 82 . 91 211 666 Melee 11 | . . . . 2 . . . 8 . . . . . . . . . . . . . 1 . . . . . . . . . . . . . . . . . . . . . . . . Ram 3 | . . . . . . . . . . . . . . . . . . . 3 . . . . . . . . . . . . . . . . . . . . . . . . . . . Kick . | . . . . . . . . . . . . . . . . . . . . . . . . . . . . . . . . . . . . . . . . . . . . . . . Crush . | . . . . . . . . . . . . . . . . . . . . . . . . . . . . . . . . . . . . . . . . . . . . . . . Escape Stasis 221 | . . . . . . . . 44 . 134 . . . . . . . . . . . . . . . . . . . . . . . 1 . . . . . . . . . 25 . 17 Rewire 4 | . . . . . . . . 3 . . . . . . . . 1 . . . . . . . . . . . . . . . . . . . . . . . . . . . . . Trap 74 | . . . . . . . . 57 . . . . . . . . . . . . . . . . . . . . . . . . . . . . . . . . . . . . . 17 Miscellaneous 1939 | . 25 3 59 . 27 2 21 43 26 25 23 . 50 12 21 29 54 44 62 14 9 . 29 80 17 11 . 2 42 5 26 4 8 222 6 34 30 . 105 24 . 52 . 60 118 515 Route ------- -11/Scrapyard -10/Materials (discovered 5 exits: *Mat x3 / [*Min] / *Sub) -10/Mines (discovered 3 exits: *Mat x2 / *Sub) -9/Materials (discovered 3 exits: *Mat x2 / *Min) -9/Mines (discovered 4 exits: *Mat x2 / *Exi / *Zio) -9/Exiles (discovered 2 exits: *Min x2) -8/Mines (discovered 2 exits: *Mat x2) -8/Materials (discovered 3 exits: *Fac / *Sto / Gar) -8/Garrison (discovered 3 exits: *Mat x3) -8/Materials (discovered 5 exits: *Fac x2 / *Sto x2 / Gar) -8/Garrison (discovered 3 exits: *Fac x3) -7/Factory (discovered 6 exits: *Fac x4 / *Low x2) -7/Waste -7/Factory (discovered 6 exits: *Fac x4 / *Low x2) -7/Lower Caves -7/Lower Caves (discovered 2 exits: *Fac / *Zio) -7/Zion (discovered 2 exits: [*Dee] / [*Pro]) -7/Deep Caves -6/Proximity Caves -6/Factory (discovered 7 exits: *Fac x3 / *Low x2 / Ext x2) -6/Lower Caves -6/Lower Caves (discovered 2 exits: *Fac / *Dat) -6/Data Miner -5/Proximity Caves -5/Factory (discovered 6 exits: Fac x4 / *Upp x2) -5/Upper Caves -5/Upper Caves (discovered 2 exits: *Fac / *Zhi) -5/Zhirov -4/Proximity Caves -4/Factory (discovered 5 exits: *Res x3 / *Upp x2) -4/Waste -4/Factory (discovered 6 exits: *Res x4 / *Upp x2) -4/Upper Caves -4/Upper Caves (discovered 2 exits: *Res / *War) -4/Warlord -3/Proximity Caves -3/Research (discovered 4 exits: *Res / *Arm / *Tes x2) -3/Armory (discovered 2 exits: *Res / *Lab) -3/Lab -2/Research (discovered 5 exits: *Acc x3 / *Qua x2) -2/Quarantine (discovered 3 exits: *Acc / *Sec / *Frg) -1/Access -1/Garrison (discovered 3 exits: *Acc x3) -1/Access -1/Garrison (discovered 3 exits: [*Acc x3]) -1/Access -1/Command (discovered 2 exits: [*Sur x2]) 0b11 Command History --------- Turn | Location | Event 2 | -11/Scrapyard | Upgraded with Propulsion slot (x1) 2 | -11/Scrapyard | Upgraded with Weapon slot (x3) 9 | -11/Scrapyard | Discovered new exit (range 15) 41 | -11/Scrapyard | Entered Materials 62 | -10/Materials | Discovered new exit (range 13) 211 | -10/Materials | Discovered new exit (range 3) 300 | -10/Materials | Build established: Gunner 390 | -10/Materials | Identified exit to Materials 504 | -10/Materials | Reached level 2 523 | -10/Materials | Upgraded with Propulsion slot (x1) 523 | -10/Materials | Upgraded with Utility slot (x1) 1033 | -10/Materials | Reached level 3 1205 | -10/Materials | Upgraded with Propulsion slot (x1) 1316 | -10/Materials | Discovered new exit (range 8) 1500 | -10/Materials | Entered Mines 1502 | -10/Mines | Reached level 4 1505 | -10/Mines | Learned location of Storage (-8) 1510 | -10/Mines | Assembled infested the area 1515 | -10/Mines | Assisted by a Guerilla fighting off Assembled 1559 | -10/Mines | Build established: Sprinter 1659 | -10/Mines | Discovered exit to Materials (range 13) 1711 | -10/Mines | Reached level 5 1771 | -10/Mines | Received a Rocket Launcher from a helpful Derelict 1779 | -10/Mines | Learned Materials security intel 1823 | -10/Mines | Discovered exit to Materials (range 7) 1890 | -10/Mines | Discovered new exit (range 6) 1893 | -10/Mines | Identified exit to Subcaves 1954 | -10/Mines | Entered Materials 1956 | -9/Materials | Reached level 6 1961 | -9/Materials | Upgraded with Utility slot (x2) 2012 | -9/Materials | Core integrity fell below 50% 2117 | -9/Materials | Reached level 7 2347 | -9/Materials | Central database locked down 2354 | -9/Materials | Discovered new exit (range 15) 2355 | -9/Materials | Reached level 8 2371 | -9/Materials | Identified exit to Materials 2509 | -9/Materials | Build established: Scavenger-Sprinter 2553 | -9/Materials | Discovered new exit (range 15) 2559 | -9/Materials | Identified exit to Mines 2600 | -9/Materials | Discovered exit to Materials (range 11) 2615 | -9/Materials | Reached level 9 2754 | -9/Materials | First assault squad dispatched 2820 | -9/Materials | Upgraded with Utility slot (x2) 3040 | -9/Materials | Reached level 10 3086 | -9/Materials | High security lockdown imminent 3105 | -9/Materials | Entered Mines 3117 | -9/Mines | Received a Mining Laser from a helpful Derelict 3172 | -9/Mines | A Derelict revealed a hidden shortcut to a safe place 3182 | -9/Mines | Identified exit to Zion 3190 | -9/Mines | Discovered exit to Materials (range 6) 3198 | -9/Mines | Assisted by bots powering up and referring to "LRC-V3" 3236 | -9/Mines | Discovered new exit (range 9) 3278 | -9/Mines | Learned 2 Materials zone layouts 3280 | -9/Mines | Discovered exit to Materials (range 5) 3288 | -9/Mines | Deemed a non-threat by the Exiles lab entrance 3289 | -9/Mines | Identified exit to Exiles 3475 | -9/Mines | Entered Exiles 3475 | -9/Exiles | Accompanied by 3 allies 3481 | -9/Exiles | Discovered new exit (range 15) 3486 | -9/Exiles | Identified exit to Mines 3492 | -9/Exiles | Met 8R-AWN 3498 | -9/Exiles | Met EX-HEX 3509 | -9/Exiles | Met EX-DEC 3521 | -9/Exiles | Discovered exit to Mines (range 10) 3540 | -9/Exiles | Met EX-BIN 3553 | -9/Exiles | Aligned with FarCom system 3554 | -9/Exiles | Given EX-Vault access code 3562 | -9/Exiles | Opened EX-Vault 3564 | -9/Exiles | Found Chronowheel 3564 | -9/Exiles | Activated Chronowheel 3564 | -9/Exiles | Spacetime reconverged on an earlier point 3565 | -9/Exiles | Found YOLO Cannon 3578 | -9/Exiles | Found XL Autogun Array 3593 | -9/Exiles | Warned to stay clear of 0b10 Research branches 3597 | -9/Exiles | Exiles lab attacked by MAIN.C 3701 | -9/Exiles | Destroyed 9 combat bots 3715 | -9/Exiles | Reached level 11 3767 | -9/Exiles | Destroyed 23 combat bots 3857 | -9/Exiles | Upgraded with Utility slot (x1) 3963 | -9/Exiles | Left Exiles lab with YOLO Cannon 3963 | -9/Exiles | Entered Mines 3963 | -8/Mines | Accompanied by 3 allies 4167 | -8/Mines | Discovered exit to Materials (range 6) 4238 | -8/Mines | Discovered exit to Materials (range 13) 4258 | -8/Mines | Build established: Scavenger-Scout 4275 | -8/Mines | Entered Materials 4275 | -8/Materials | Accompanied by 3 allies 4277 | -8/Materials | Reached level 12 4310 | -8/Materials | Identified exit to Storage 4408 | -8/Materials | Core integrity fell below 50% 4444 | -8/Materials | Destroyed 8 combat bots 4569 | -8/Materials | Garrison activated, responded to threat 4615 | -8/Materials | Reached level 13 4719 | -8/Materials | Met 7R-MNS 4783 | -8/Materials | Discovered new exit (range 8) 4786 | -8/Materials | Identified exit to Factory 4915 | -8/Materials | Central database locked down 5009 | -8/Materials | Upgraded with Utility slot (x1) 5164 | -8/Materials | Identified exit to Garrison 5164 | -8/Materials | Entered Garrison 5164 | -8/Garrison | Accompanied by 4 allies 5296 | -8/Garrison | Triggered checkpoint 5317 | -8/Garrison | Triggered checkpoint 5338 | -8/Garrison | Triggered checkpoint 5353 | -8/Garrison | Triggered checkpoint 5357 | -8/Garrison | Reached level 14 5385 | -8/Garrison | Destroyed 14 combat bots 5420 | -8/Garrison | Triggered checkpoint 5443 | -8/Garrison | Installed Relay Interface Framework 5483 | -8/Garrison | Upgraded with Weapon slot (x1) 5561 | -8/Garrison | Discovered new exit (range 14) 5565 | -8/Garrison | Identified exit to Materials 5665 | -8/Garrison | Expanded RIF knowledge: Hotswap 5717 | -8/Garrison | Garrison Relay disabled 5727 | -8/Garrison | Discovered exit to Materials (range 9) 5742 | -8/Garrison | Triggered checkpoint 5857 | -8/Garrison | Triggered checkpoint 5865 | -8/Garrison | Discovered exit to Materials (range 13) 5891 | -8/Garrison | Rescued a captive Derelict 5891 | -8/Garrison | Rescued a captive Derelict 5911 | -8/Garrison | Triggered checkpoint 5914 | -8/Garrison | Garrison Relay disabled 5958 | -8/Garrison | Triggered checkpoint 6019 | -8/Garrison | Garrison Relay disabled 6027 | -8/Garrison | Garrison Relay disabled 6092 | -8/Garrison | Phase Generator disabled 6228 | -8/Garrison | Entered Materials 6228 | -8/Materials | Accompanied by 10 allies 6430 | -8/Materials | Discovered exit to Storage (range 5) 6474 | -8/Materials | Discovered exit to Storage (range 7) 6566 | -8/Materials | Reached level 15 6604 | -8/Materials | Discovered exit to Factory (range 9) 6703 | -8/Materials | Garrison activated, responded to threat 6732 | -8/Materials | Identified exit to Garrison 6764 | -8/Materials | Discovered exit to Factory (range 18) 7001 | -8/Materials | Entered Garrison 7001 | -8/Garrison | Accompanied by 8 allies 7053 | -8/Garrison | Triggered checkpoint 7145 | -8/Garrison | Triggered checkpoint 7221 | -8/Garrison | Garrison Relay disabled 7265 | -8/Garrison | Discovered exit to Factory (range 15) 7273 | -8/Garrison | Triggered checkpoint 7356 | -8/Garrison | Garrison Relay disabled 7425 | -8/Garrison | Triggered checkpoint 7454 | -8/Garrison | Discovered exit to Factory (range 5) 7474 | -8/Garrison | Phase Generator disabled 7481 | -8/Garrison | Expanded RIF knowledge: Watcher Feeds 7492 | -8/Garrison | Garrison Relay disabled 7519 | -8/Garrison | Triggered checkpoint 7526 | -8/Garrison | Garrison Relay disabled 7564 | -8/Garrison | Discovered exit to Factory (range 13) 7579 | -8/Garrison | Discovered exit to Factory (range 56) 7579 | -8/Garrison | Discovered exit to Factory (range 18) 7579 | -8/Garrison | Discovered exit to Factory (range 61) 7623 | -8/Garrison | Triggered checkpoint 7650 | -8/Garrison | Garrison Relay disabled 7777 | -8/Garrison | Triggered checkpoint 7902 | -8/Garrison | Entered Factory 7902 | -7/Factory | Accompanied by 7 allies 7904 | -7/Factory | Reached level 16 8225 | -7/Factory | Hacking Suite fried by hacking feedback 8324 | -7/Factory | Identified exit to Factory 8420 | -7/Factory | Garrison activated, responded to threat 8508 | -7/Factory | Identified exit to Lower Caves 8533 | -7/Factory | Reached level 17 8702 | -7/Factory | First assault squad dispatched 8770 | -7/Factory | Manually triggered Chute Trap 8770 | -7/Factory | Sucked down chute 8770 | -7/Factory | Entered Waste 8775 | -7/Waste | 1 allies followed down the chute 8783 | -7/Waste | Spotted C-40 Crusher 8783 | -7/Waste | Spotted C-40 Crusher 8785 | -7/Waste | EMP discharged 8788 | -7/Waste | Spotted C-40 Crusher 8790 | -7/Waste | Crushed by Compactor (1 part destroyed, 1 dropped) 8793 | -7/Waste | Spotted C-40 Crusher 8800 | -7/Waste | Spotted C-40 Crusher 8801 | -7/Waste | Discovered new exit (range 12) 8814 | -7/Waste | Entered Factory 9221 | -7/Factory | Discovered exit to Factory (range 18) 9461 | -7/Factory | Discovered exit to Factory (range 15) 9521 | -7/Factory | Fabricated Adv. Beam Rifle? 9643 | -7/Factory | Garrison activated, responded to threat 9652 | -7/Factory | Reached level 18 9673 | -7/Factory | Destroyed 8 combat bots 9878 | -7/Factory | Build established: Hacker-Scout 9923 | -7/Factory | Fabricated Cld. Particle Cannon (x1) 9952 | -7/Factory | Central database locked down 10014 | -7/Factory | First assault squad dispatched 10061 | -7/Factory | Garrison activated, responded to threat 10141 | -7/Factory | Fabricated Adv. Beam Rifle (x1) 10268 | -7/Factory | Fabricated Adv. Beam Rifle (x1) 10366 | -7/Factory | Fabricated Adv. Beam Rifle (x1) 10389 | -7/Factory | Entered Lower Caves 10445 | -7/Lower Caves | Spotted B-75 Beast 10453 | -7/Lower Caves | Destroyed B-75 Beast 10504 | -7/Lower Caves | Encountered a Warlord checkpoint 10550 | -7/Lower Caves | Discovered new exit (range 6) 10555 | -7/Lower Caves | Identified exit to Lower Caves 10611 | -7/Lower Caves | Learned Factory emergency access door positions 10654 | -7/Lower Caves | Ambushed by wild Derelicts 10689 | -7/Lower Caves | Build established: Hacker-Sprinter 10701 | -7/Lower Caves | Entered another Lower Caves area 10707 | -7/Lower Caves | Attracted the attention of an 0b10 base 10751 | -7/Lower Caves | Learned Extension emergency access door positions 10751 | -7/Lower Caves | Learned Armory emergency access door positions 10751 | -7/Lower Caves | Learned Extension stockpile data 10751 | -7/Lower Caves | Learned Extension garrison access intel 10751 | -7/Lower Caves | Learned location of 2 exits from Upper Caves 10783 | -7/Lower Caves | Discovered exit to Factory (range 14) 10836 | -7/Lower Caves | Learned location of 1 exit from Factory 10840 | -7/Lower Caves | Destroyed 20 combat bots 10889 | -7/Lower Caves | Learned Factory non-interactive machine intel 10900 | -7/Lower Caves | Encountered a Warlord checkpoint 10907 | -7/Lower Caves | Discovered exit to Zion (range 6) 11061 | -7/Lower Caves | Entered Zion 11088 | -7/Zion | Discovered new exit (range 8) 11123 | -7/Zion | RIF detected upon attempting to enter Zion 11123 | -7/Zion | Attacked by Zionites 11123 | -7/Zion | Spotted IJ-7YM(B) 11123 | -7/Zion | Spotted GT-OOO(B) 11184 | -7/Zion | Build established: Machinist-Sprinter 11472 | -7/Zion | Destroyed GT-OOO(B) 11483 | -7/Zion | Destroyed IJ-7YM(B) 11612 | -7/Zion | Discovered new exit (range 4) 11612 | -7/Zion | Saw the warning signs outside the Deep Caves entrance 11614 | -7/Zion | Entered Deep Caves 11652 | -7/Deep Caves | Z-Facility disabled 11656 | -7/Deep Caves | Attacked by Z-Imprinter 11668 | -7/Deep Caves | Destroyed Z-Imprinter 11701 | -7/Deep Caves | Found Prototype Protection 11701 | -7/Deep Caves | Identified Zio. Weapon Casing 12001 | -7/Deep Caves | Build established: Scavenger-Gunner 12017 | -7/Deep Caves | Found Prototype Protection 12017 | -7/Deep Caves | Identified Zio. Heavy Carapace 12221 | -7/Deep Caves | Spotted AG-82994 12259 | -7/Deep Caves | Discovered new exit (range 7) 12780 | -7/Deep Caves | Spotted AG-29827 13115 | -7/Deep Caves | Core integrity fell below 50% 13124 | -7/Deep Caves | Core integrity fell below 20% 13233 | -7/Deep Caves | Entered Proximity Caves 13234 | -6/Proximity Caves | Learned Factory emergency access door positions 13235 | -6/Proximity Caves | Reached level 19 13334 | -6/Proximity Caves | Found Prototype Special Weapon 13334 | -6/Proximity Caves | Identified Molecular Deconstructor 13621 | -6/Proximity Caves | Attracted the attention of an 0b10 base 13650 | -6/Proximity Caves | Learned 8 Factory zone layouts 13650 | -6/Proximity Caves | Learned Extension trap positions 13650 | -6/Proximity Caves | Learned Research terminal intel 13653 | -6/Proximity Caves | Destroyed 13 combat bots 13819 | -6/Proximity Caves | Attracted the attention of an 0b10 checkpoint 13907 | -6/Proximity Caves | Discovered exit to Factory (range 9) 14058 | -6/Proximity Caves | Learned location of 1 exit from Lower Caves 14142 | -6/Proximity Caves | Entered Factory 14143 | -6/Factory | Identified exit to Factory 14146 | -6/Factory | Loaded intel: 228 non-interactive machine locations 14209 | -6/Factory | Reached level 20 14272 | -6/Factory | Discovered exit to Factory (range 15) 14406 | -6/Factory | Discovered new exit (range 18) 14491 | -6/Factory | Build established: Scavenger-Scout 14593 | -6/Factory | Upgraded with Utility slot (x1) 14802 | -6/Factory | Fabricated Adv. Beam Rifle (x1) 15016 | -6/Factory | Build established: Hacker-Scout 15192 | -6/Factory | First assault squad dispatched 15228 | -6/Factory | Identified exit to Lower Caves 15228 | -6/Factory | Identified exit to Extension 15452 | -6/Factory | Reached level 21 15571 | -6/Factory | High security lockdown imminent 15618 | -6/Factory | Destroyed 8 combat bots 15651 | -6/Factory | High security lockdown engaged 15651 | -6/Factory | Garrison activated, responded to threat 15751 | -6/Factory | Entered Lower Caves 15752 | -6/Lower Caves | Identified exit to Lower Caves 15823 | -6/Lower Caves | Encountered a Warlord checkpoint 16038 | -6/Lower Caves | Entered an active Warlord outpost 16042 | -6/Lower Caves | Build established: Hacker-Gunner 16051 | -6/Lower Caves | Learned 8 Factory zone layouts 16051 | -6/Lower Caves | Learned Armory trap positions 16051 | -6/Lower Caves | Learned Extension terminal intel 16089 | -6/Lower Caves | Learned Factory terminal intel 16111 | -6/Lower Caves | Attracted the attention of an 0b10 checkpoint 16272 | -6/Lower Caves | Learned Factory terminal intel 16381 | -6/Lower Caves | Entered another Lower Caves area 16512 | -6/Lower Caves | Discovered exit to Factory (range 18) 16558 | -6/Lower Caves | Attracted the attention of an 0b10 base 16587 | -6/Lower Caves | Learned Factory trap positions 16587 | -6/Lower Caves | Learned Armory emergency access door positions 16599 | -6/Lower Caves | Destroyed 7 combat bots 16702 | -6/Lower Caves | Build established: Derelict-Gunner 16726 | -6/Lower Caves | Learned Factory garrison access intel 16735 | -6/Lower Caves | Learned Factory emergency access door positions 16813 | -6/Lower Caves | Discovered new exit (range 7) 16986 | -6/Lower Caves | Entered Data Miner 16986 | -6/Data Miner | Discovered new exit (range 6) 16996 | -6/Data Miner | Met Data Miner 17009 | -6/Data Miner | Learned location of Section 7 (-2) 17009 | -6/Data Miner | Acquired the access code to Warlord's prototype stash 17017 | -6/Data Miner | Received God Mode back door access code from Data Miner 17035 | -6/Data Miner | Destroyed Data Miner 17038 | -6/Data Miner | Interfaced with the Data Conduit 17039 | -6/Data Miner | Found Prototype Hackware 17039 | -6/Data Miner | Identified System Mapper 17041 | -6/Data Miner | Found Prototype Hackware 17050 | -6/Data Miner | Entered Proximity Caves 17050 | -5/Proximity Caves | Identified Ghost Barrier 17052 | -5/Proximity Caves | Reached level 22 17253 | -5/Proximity Caves | Attracted the attention of an 0b10 base 17295 | -5/Proximity Caves | Destroyed 10 combat bots 17323 | -5/Proximity Caves | Upgraded with Propulsion slot (x1) 17354 | -5/Proximity Caves | Learned location of 2 exits from Lower Caves 17354 | -5/Proximity Caves | Learned Armory stockpile data 17354 | -5/Proximity Caves | Learned Research security intel 17354 | -5/Proximity Caves | Learned Armory garrison access intel 17407 | -5/Proximity Caves | Learned Factory security intel 17533 | -5/Proximity Caves | Entered Factory 17534 | -5/Factory | Identified exit to Factory 17534 | -5/Factory | Identified exit to Upper Caves 17535 | -5/Factory | Reached level 23 17536 | -5/Factory | Loaded intel: 113 trap records 17539 | -5/Factory | Loaded intel: 337 machine locations 17540 | -5/Factory | Loaded intel: 26 terminal locations 17541 | -5/Factory | Loaded intel: 4 garrison access locations 17822 | -5/Factory | Unchained authorized (DW-4LL) 17825 | -5/Factory | Build established: Hacker-Scout 17862 | -5/Factory | Exiles provided nearest exit location to -4/Factory 17968 | -5/Factory | Fabricated Enh. Force Rifle (x1) 17987 | -5/Factory | Intercept squad dispatched 18004 | -5/Factory | DW-4LL burst out of a wall 18012 | -5/Factory | Spotted Tracker 18019 | -5/Factory | Destroyed Tracker 18081 | -5/Factory | Spotted Combat Programmer 18091 | -5/Factory | Destroyed Combat Programmer 18130 | -5/Factory | Fabricated Enh. Force Rifle? 18167 | -5/Factory | Fabricated Enh. Force Rifle? 18223 | -5/Factory | Fabricated Enh. Force Rifle? 18264 | -5/Factory | DW-4LL burst out of a wall 18301 | -5/Factory | Destroyed DW-4LL 18308 | -5/Factory | Found Exp. Weapon Cycler 18369 | -5/Factory | Found Prototype Device 18369 | -5/Factory | Identified Zeronet Interface 18372 | -5/Factory | Found Exp. Armor Integrity Analyzer 18433 | -5/Factory | First assault squad dispatched 18497 | -5/Factory | Spotted B-75 Beast 18528 | -5/Factory | Reached level 24 18550 | -5/Factory | Intercept squad dispatched 18567 | -5/Factory | Spotted Tracker 18574 | -5/Factory | Destroyed Tracker 18631 | -5/Factory | Spotted Combat Programmer 18638 | -5/Factory | Destroyed Combat Programmer 18673 | -5/Factory | Unchained authorized (GL-D0S) 18753 | -5/Factory | Fabricated Enh. Force Rifle (x1) 18977 | -5/Factory | Entered Upper Caves 18978 | -5/Upper Caves | Encountered a Warlord checkpoint 18978 | -5/Upper Caves | Identified exit to Upper Caves 19063 | -5/Upper Caves | Attracted the attention of an 0b10 checkpoint 19094 | -5/Upper Caves | Destroyed 9 combat bots 19157 | -5/Upper Caves | Attracted the attention of an 0b10 base 19188 | -5/Upper Caves | Learned Research stockpile data 19188 | -5/Upper Caves | Learned Factory terminal intel 19188 | -5/Upper Caves | Learned Research terminal intel 19192 | -5/Upper Caves | Destroyed 8 combat bots 19280 | -5/Upper Caves | Build established: Hacker-Sprinter 19286 | -5/Upper Caves | Learned 4 Factory zone layouts 19432 | -5/Upper Caves | Entered another Upper Caves area 19434 | -5/Upper Caves | Identified exit to Zhirov 19453 | -5/Upper Caves | Attracted the attention of an 0b10 base 19484 | -5/Upper Caves | Learned Research security intel 19484 | -5/Upper Caves | Learned Extension garrison access intel 19493 | -5/Upper Caves | Destroyed 11 combat bots 19506 | -5/Upper Caves | Spotted B-75 Beast 19520 | -5/Upper Caves | Destroyed B-75 Beast 19715 | -5/Upper Caves | Learned 4 Factory zone layouts 19792 | -5/Upper Caves | Found Alien Artifact 19792 | -5/Upper Caves | Identified Core Expander 19792 | -5/Upper Caves | Installed Core Expander, added new Propulsion slot 19802 | -5/Upper Caves | Entered Zhirov 19802 | -5/Zhirov | Discovered new exit (range 3) 19809 | -5/Zhirov | Met Zhirov 19822 | -5/Zhirov | Zhirov requested help retrieving the SGEMP Prototype 19828 | -5/Zhirov | Found Alien Artifact 19828 | -5/Zhirov | Identified Integrated Dissipator 19828 | -5/Zhirov | Installed Integrated Dissipator, increased core heat dissipation (+20) 19863 | -5/Zhirov | Found Alien Artifact 19863 | -5/Zhirov | Identified Transdimensional Reconstructor 19863 | -5/Zhirov | Warped through subspace 19890 | -5/Zhirov | Entered Proximity Caves 19892 | -4/Proximity Caves | Attracted the attention of an 0b10 checkpoint 19892 | -4/Proximity Caves | Reached level 25 20045 | -4/Proximity Caves | Learned Research garrison access intel 20206 | -4/Proximity Caves | Entered Factory 20207 | -4/Factory | Identified exit to Upper Caves 20208 | -4/Factory | Identified exit to Research 20210 | -4/Factory | Loaded intel: 275 machine locations 20211 | -4/Factory | Loaded intel: 26 terminal locations 20506 | -4/Factory | Build established: Hacker-Scout 20521 | -4/Factory | Fabricated Dynamic Insulation System (x2) 20523 | -4/Factory | Upgraded with Utility slot (x1) 20539 | -4/Factory | Fabricated Dynamic Insulation System? 20634 | -4/Factory | Discovered exit to Research (range 17) 20878 | -4/Factory | Intercept squad dispatched 20878 | -4/Factory | Reached level 26 20893 | -4/Factory | Spotted Tracker 20897 | -4/Factory | Destroyed Tracker 20955 | -4/Factory | Spotted Combat Programmer 20960 | -4/Factory | Destroyed Combat Programmer 21019 | -4/Factory | Fabricated Prc. Energy Filter (x1) 21100 | -4/Factory | Spotted B-86 Titan 21184 | -4/Factory | Destroyed B-86 Titan 21313 | -4/Factory | Destroyed 14 combat bots 21332 | -4/Factory | Fabricated Diametric Drive (x1) 21495 | -4/Factory | Fabricated Diametric Drive? 21569 | -4/Factory | Intercept squad dispatched 21580 | -4/Factory | Spotted Tracker 21588 | -4/Factory | Destroyed Tracker 21616 | -4/Factory | Found Prototype Energy Gun 21616 | -4/Factory | Identified Immobilizer 21619 | -4/Factory | Spotted Combat Programmer 21620 | -4/Factory | Destroyed Combat Programmer 21635 | -4/Factory | Spotted B-86 Titan 21732 | -4/Factory | Reached level 27 21836 | -4/Factory | Fabricated Diametric Drive? 22074 | -4/Factory | Manually triggered Chute Trap 22074 | -4/Factory | Sucked down chute 22074 | -4/Factory | Entered Waste 22075 | -4/Waste | Identified exit to Factory 22079 | -4/Waste | 2 allies followed down the chute 22079 | -4/Waste | Spotted C-40 Crusher 22091 | -4/Waste | Destroyed C-40 Crusher 22094 | -4/Waste | Spotted C-40 Crusher 22103 | -4/Waste | Destroyed C-40 Crusher 22106 | -4/Waste | Spotted C-40 Crusher 22115 | -4/Waste | Spotted C-40 Crusher 22130 | -4/Waste | Destroyed C-40 Crusher 22142 | -4/Waste | Destroyed C-40 Crusher 22146 | -4/Waste | Spotted C-40 Crusher 22147 | -4/Waste | Destroyed C-40 Crusher 22154 | -4/Waste | Spotted C-40 Crusher 22155 | -4/Waste | Destroyed C-40 Crusher 23488 | -4/Waste | Entered Factory 23488 | -4/Factory | Accompanied by 1 ally 23489 | -4/Factory | Loaded intel: 253 machine locations 23490 | -4/Factory | Loaded intel: 26 terminal locations 23628 | -4/Factory | Fabricated Diametric Drive (x1) 23960 | -4/Factory | Unchained authorized (CL-0N3) 24231 | -4/Factory | O-24 Administrator reconstituted as D-83 Annihilator 24232 | -4/Factory | D-83 Annihilator reconstituted as CL-0N3 24263 | -4/Factory | Spotted B-86 Titan 24275 | -4/Factory | Spotted B-86 Titan 24378 | -4/Factory | Fabricated Diametric Drive? 24481 | -4/Factory | Fabricated Diametric Drive? 24688 | -4/Factory | Build established: Machinist-Scout 24915 | -4/Factory | W-44 Eye reconstituted as D-83 Annihilator 24918 | -4/Factory | D-83 Annihilator reconstituted as CL-0N3 24988 | -4/Factory | First assault squad dispatched 25014 | -4/Factory | Intercept squad dispatched 25023 | -4/Factory | K-01 Serf reconstituted as Armor Guard 25023 | -4/Factory | Spotted Armor Guard 25041 | -4/Factory | Spotted Tracker 25044 | -4/Factory | Destroyed Tracker 25090 | -4/Factory | Spotted Combat Programmer 25094 | -4/Factory | Destroyed Combat Programmer 25099 | -4/Factory | Found Prototype Special Weapon 25099 | -4/Factory | Identified Exp. Remote Datajack 25238 | -4/Factory | Fabricated Particle Accelerator? 25267 | -4/Factory | K-01 Serf reconstituted as Hotshot 25267 | -4/Factory | Spotted Hotshot 25267 | -4/Factory | Destroyed Hotshot 25267 | -4/Factory | Hotshot reconstituted as CL-0N3 25528 | -4/Factory | U-05 Engineer reconstituted as Thunder 25531 | -4/Factory | Destroyed Thunder 25531 | -4/Factory | Thunder reconstituted as CL-0N3 25814 | -4/Factory | Entered Upper Caves 25920 | -4/Upper Caves | Discovered new exit (range 8) 25933 | -4/Upper Caves | Entered an active Warlord outpost 25936 | -4/Upper Caves | Learned location of 1 exit from Factory 25936 | -4/Upper Caves | Learned Factory security intel 25936 | -4/Upper Caves | Learned Research terminal intel 25936 | -4/Upper Caves | Learned Research garrison access intel 25946 | -4/Upper Caves | Attracted the attention of an 0b10 checkpoint 25953 | -4/Upper Caves | Learned Research terminal intel 25993 | -4/Upper Caves | Entered another Upper Caves area 25994 | -4/Upper Caves | Identified exit to Warlord 25997 | -4/Upper Caves | Discovered exit to Research (range 9) 26057 | -4/Upper Caves | Reached level 28 26115 | -4/Upper Caves | Build established: Machinist-Sprinter 26171 | -4/Upper Caves | Unchained authorized (CL-0N3) 26207 | -4/Upper Caves | Entered Warlord 26216 | -4/Warlord | Discovered new exit (range 9) 26225 | -4/Warlord | Opened side exit 26236 | -4/Warlord | RIF detected upon attempting to enter Warlord's base 26236 | -4/Warlord | Attacked by Warlord forces 26237 | -4/Warlord | Spotted QH-DWF(B) 26237 | -4/Warlord | Spotted 2H-14V(B) 26242 | -4/Warlord | Destroyed QH-DWF(B) 26250 | -4/Warlord | Destroyed 2H-14V(B) 26429 | -4/Warlord | Warlord's base attacked by MAIN.C 26538 | -4/Warlord | Spotted 8O-MXO(g) 26551 | -4/Warlord | Destroyed 8O-MXO(g) 26608 | -4/Warlord | Destroyed 12 combat bots 26732 | -4/Warlord | Found Prototype Device 26732 | -4/Warlord | Identified Minesniffer Drone Bay 26740 | -4/Warlord | Destroyed 8 combat bots 26769 | -4/Warlord | Spotted B-90 Cyclops 26779 | -4/Warlord | Warlord forces counterattacked 26827 | -4/Warlord | Found Minesniffer Drone Bay 26921 | -4/Warlord | Found Prototype Energy Gun 26921 | -4/Warlord | Identified Plasma Storm 27024 | -4/Warlord | Spotted SG-W68(K) 27024 | -4/Warlord | Spotted E6-9WC(K) 27027 | -4/Warlord | Learned Testing stockpile data 27027 | -4/Warlord | Learned 4 Command zone layouts 27027 | -4/Warlord | Learned Research security intel 27027 | -4/Warlord | Learned Factory fabricator intel 27037 | -4/Warlord | Destroyed 7 combat bots 27065 | -4/Warlord | Destroyed SG-W68(K) 27085 | -4/Warlord | Destroyed E6-9WC(K) 27095 | -4/Warlord | Spotted Executioner 27104 | -4/Warlord | Warlord base infiltrated, sounded retreat 27255 | -4/Warlord | Destroyed 10 combat bots 27262 | -4/Warlord | Spotted Executioner 27265 | -4/Warlord | Destroyed Executioner 27300 | -4/Warlord | Spotted Executioner 27309 | -4/Warlord | Spotted Striker 27323 | -4/Warlord | Destroyed Striker 27339 | -4/Warlord | Destroyed Executioner 27358 | -4/Warlord | Found Exp. Core Analyzer 27394 | -4/Warlord | Destroyed 15 combat bots 27409 | -4/Warlord | Spotted Executioner 27410 | -4/Warlord | Spotted Executioner 27411 | -4/Warlord | Spotted Executioner 27447 | -4/Warlord | Destroyed Executioner 27451 | -4/Warlord | Destroyed Executioner 27475 | -4/Warlord | Core integrity fell below 50% 27486 | -4/Warlord | Destroyed Executioner 27521 | -4/Warlord | Destroyed 21 combat bots 27531 | -4/Warlord | Upgraded with Utility slot (x1) 27533 | -4/Warlord | Found Exp. Core Analyzer 27540 | -4/Warlord | Spotted Striker 27545 | -4/Warlord | Destroyed Striker 27560 | -4/Warlord | Spotted Striker 27562 | -4/Warlord | Spotted Executioner 27563 | -4/Warlord | Spotted Executioner 27563 | -4/Warlord | Spotted Executioner 27568 | -4/Warlord | Spotted Striker 27571 | -4/Warlord | Destroyed Striker 27578 | -4/Warlord | Spotted Executioner 27581 | -4/Warlord | Destroyed Executioner 27596 | -4/Warlord | Destroyed Striker 27620 | -4/Warlord | Destroyed 13 combat bots 27639 | -4/Warlord | Destroyed Executioner 27641 | -4/Warlord | Destroyed Executioner 27670 | -4/Warlord | Destroyed 7 combat bots 27686 | -4/Warlord | Reached level 29 27732 | -4/Warlord | Spotted Executioner 27733 | -4/Warlord | Destroyed 7 combat bots 27739 | -4/Warlord | Destroyed Executioner 27739 | -4/Warlord | Destroyed Executioner 27801 | -4/Warlord | Destroyed 12 combat bots 27803 | -4/Warlord | Spotted Striker 27812 | -4/Warlord | Destroyed Striker 27827 | -4/Warlord | Spotted Executioner 27832 | -4/Warlord | Destroyed Executioner 27887 | -4/Warlord | Spotted Striker 27904 | -4/Warlord | Destroyed Striker 27936 | -4/Warlord | Destroyed 29 combat bots 27966 | -4/Warlord | Entered Proximity Caves 28088 | -3/Proximity Caves | Spotted B-86 Titan 28091 | -3/Proximity Caves | Destroyed B-86 Titan 28144 | -3/Proximity Caves | Unchained authorized (CL-0N3) 28144 | -3/Proximity Caves | Destroyed 8 combat bots 28345 | -3/Proximity Caves | Received a Behemoth hack from an annoying Tinkerer 28492 | -3/Proximity Caves | Entered Research 28493 | -3/Research | Identified exit to Armory 28494 | -3/Research | Reached level 30 28496 | -3/Research | Loaded intel: 127 machine locations 28497 | -3/Research | Loaded intel: 24 terminal locations 28498 | -3/Research | Loaded intel: 4 garrison access locations 28621 | -3/Research | Fabricated Enh. Force Rifle (x1) 28640 | -3/Research | Identified exit to Testing 28794 | -3/Research | Build established: Machinist-Scout 28805 | -3/Research | Intercept squad dispatched 28817 | -3/Research | Spotted Tracker 28817 | -3/Research | Spotted Tracker 28820 | -3/Research | Destroyed Tracker 28825 | -3/Research | Destroyed Tracker 28827 | -3/Research | Spotted Combat Programmer 28829 | -3/Research | Destroyed Combat Programmer 28866 | -3/Research | Destroyed 7 combat bots 28882 | -3/Research | Spotted Combat Programmer 28883 | -3/Research | Destroyed Combat Programmer 28977 | -3/Research | Spotted B-86 Titan 28992 | -3/Research | First assault squad dispatched 29026 | -3/Research | Discovered new exit (range 11) 29135 | -3/Research | Fabricated Stasis Canceller? 29398 | -3/Research | Entered Armory 29399 | -3/Armory | Loaded intel: 42 trap records 29402 | -3/Armory | Loaded intel: 118 machine locations 29645 | -3/Armory | Discovered new exit (range 4) 29736 | -3/Armory | Discovered new exit (range 15) 29805 | -3/Armory | Reached level 31 30398 | -3/Armory | First assault squad dispatched 30823 | -3/Armory | Entered Lab 30823 | -3/Lab | Discovered new exit (range 9) 30995 | -3/Lab | Hidden lab's door opened automatically 30995 | -3/Lab | Sensor layout match revealed 30996 | -3/Lab | Gained access to the hidden lab's interior 31005 | -3/Lab | Decrypted terminal 31030 | -3/Lab | Decrypted terminal 31047 | -3/Lab | Decrypted terminal 31051 | -3/Lab | Decrypted terminal 31051 | -3/Lab | Acquired modification code for an L2 power cell 31051 | -3/Lab | Decrypted terminal 31051 | -3/Lab | Decrypted terminal 31090 | -3/Lab | Upgraded with Utility slot (x1) 31094 | -3/Lab | Found Integrated Dissipator 31094 | -3/Lab | Installed Integrated Dissipator, increased core heat dissipation (+20) 31096 | -3/Lab | Found Core Expander 31096 | -3/Lab | Installed Core Expander, added new Propulsion slot 31102 | -3/Lab | Found Prototype Energy Gun 31102 | -3/Lab | Identified Tachyon Dispersion Ray 31105 | -3/Lab | Found Prototype Energy Cannon 31105 | -3/Lab | Identified Potential Cannon 31108 | -3/Lab | Found Prototype Hackware 31108 | -3/Lab | Identified Quantum Router 31114 | -3/Lab | Found Prototype Protection 31114 | -3/Lab | Identified Med. Regenerative Plating 31134 | -3/Lab | Detected for breach 31141 | -3/Lab | Decrypted terminal 31164 | -3/Lab | Build established: Machinist-Sprinter 31165 | -3/Lab | Decrypted terminal 31165 | -3/Lab | Decrypted terminal 31165 | -3/Lab | Opened the door to a hidden lab 31166 | -3/Lab | Entered Research 31167 | -2/Research | Identified exit to Quarantine 31169 | -2/Research | Loaded intel: 115 machine locations 31170 | -2/Research | Loaded intel: 24 terminal locations 31171 | -2/Research | Loaded intel: 4 garrison access locations 31183 | -2/Research | Spotted B-90 Cyclops 31192 | -2/Research | Reached level 32 31192 | -2/Research | Destroyed B-90 Cyclops 31248 | -2/Research | Identified exit to Access 31286 | -2/Research | Intercept squad dispatched 31320 | -2/Research | Spotted Tracker 31320 | -2/Research | Spotted Tracker 31320 | -2/Research | Destroyed Tracker 31328 | -2/Research | Destroyed Tracker 31371 | -2/Research | Spotted Combat Programmer 31371 | -2/Research | Destroyed Combat Programmer 31387 | -2/Research | Spotted B-90 Cyclops 31418 | -2/Research | Spotted Combat Programmer 31421 | -2/Research | Destroyed Combat Programmer 31450 | -2/Research | Fabricated Diametric Drive? 31478 | -2/Research | Build established: Machinist-Scout 31741 | -2/Research | Destroyed B-90 Cyclops 31777 | -2/Research | Intercept squad dispatched 31799 | -2/Research | Spotted Tracker 31799 | -2/Research | Destroyed Tracker 31799 | -2/Research | Spotted Tracker 31799 | -2/Research | Spotted Tracker 31807 | -2/Research | Destroyed Tracker 31812 | -2/Research | Destroyed Tracker 31816 | -2/Research | Spotted Combat Programmer 31817 | -2/Research | Destroyed Combat Programmer 31840 | -2/Research | Spotted Combat Programmer 31844 | -2/Research | Destroyed Combat Programmer 31852 | -2/Research | Found Exp. Phase Shifter 31876 | -2/Research | Spotted Combat Programmer 31880 | -2/Research | Destroyed Combat Programmer 32047 | -2/Research | Intercept squad dispatched 32055 | -2/Research | Found Exp. Target Analyzer 32083 | -2/Research | Spotted Tracker 32084 | -2/Research | Spotted Tracker 32085 | -2/Research | Spotted Tracker 32086 | -2/Research | Spotted Tracker 32087 | -2/Research | Destroyed Tracker 32091 | -2/Research | Core integrity fell below 50% 32092 | -2/Research | Destroyed Tracker 32094 | -2/Research | Destroyed Tracker 32097 | -2/Research | Destroyed Tracker 32109 | -2/Research | Spotted Combat Programmer 32115 | -2/Research | Destroyed Combat Programmer 32120 | -2/Research | Spotted Combat Programmer 32123 | -2/Research | Destroyed Combat Programmer 32145 | -2/Research | Spotted Combat Programmer 32148 | -2/Research | Destroyed Combat Programmer 32160 | -2/Research | Spotted Combat Programmer 32161 | -2/Research | Destroyed Combat Programmer 32241 | -2/Research | Upgraded with Power slot (x1) 32266 | -2/Research | Reached level 33 32290 | -2/Research | Unchained authorized (QV-33N) 32352 | -2/Research | Entered Quarantine 32353 | -2/Quarantine | Maximum security lockdown engaged 32353 | -2/Quarantine | Loaded intel: 88 machine locations 32359 | -2/Quarantine | Found Alien Reactor 32359 | -2/Quarantine | Identified Matter Drive 32365 | -2/Quarantine | Destroyed 11 combat bots 32395 | -2/Quarantine | Found Alien Artifact 32395 | -2/Quarantine | Identified Terrabomb 32395 | -2/Quarantine | Used Terrabomb 32446 | -2/Quarantine | Cryocooling Duct disabled 32461 | -2/Quarantine | Ambient heat levels rising (+20) 32493 | -2/Quarantine | Intercept squad dispatched 32507 | -2/Quarantine | Spotted Tracker 32507 | -2/Quarantine | Spotted Tracker 32511 | -2/Quarantine | Destroyed Tracker 32519 | -2/Quarantine | Destroyed Tracker 32539 | -2/Quarantine | Spotted Combat Programmer 32540 | -2/Quarantine | Spotted Combat Programmer 32545 | -2/Quarantine | Destroyed Combat Programmer 32547 | -2/Quarantine | Destroyed Combat Programmer 32661 | -2/Quarantine | Destroyed 12 combat bots 32662 | -2/Quarantine | Discovered exit to Access (range 9) 32671 | -2/Quarantine | Spotted Fortress 32679 | -2/Quarantine | Discovered new exit (range 5) 32679 | -2/Quarantine | Discovered new exit (range 6) 32682 | -2/Quarantine | Identified exit to Section 7 32682 | -2/Quarantine | Identified exit to Protoforge 32711 | -2/Quarantine | Entered Access 32712 | -1/Access | Loaded intel: 146 machine locations 32713 | -1/Access | Reached level 34 32913 | -1/Access | Spotted B-99 Colossus 32913 | -1/Access | Identified exit to Garrison 32916 | -1/Access | Unchained authorized (QV-33N) 32919 | -1/Access | Entered Garrison 32920 | -1/Garrison | Loaded intel: 38 machine locations 32923 | -1/Garrison | Triggered checkpoint 32930 | -1/Garrison | Discovered new exit (range 67) 32930 | -1/Garrison | Discovered new exit (range 57) 32930 | -1/Garrison | Discovered new exit (range 35) 32964 | -1/Garrison | Spotted B-99 Colossus 32967 | -1/Garrison | Spotted B-99 Colossus 32986 | -1/Garrison | Destroyed B-99 Colossus 32994 | -1/Garrison | Phase Generator disabled 33011 | -1/Garrison | Spotted Executioner 33016 | -1/Garrison | Spotted Executioner 33021 | -1/Garrison | Triggered checkpoint 33032 | -1/Garrison | Destroyed Executioner 33032 | -1/Garrison | Reached level 35 33032 | -1/Garrison | Destroyed Executioner 33045 | -1/Garrison | Destroyed B-99 Colossus 33063 | -1/Garrison | Triggered checkpoint 33107 | -1/Garrison | Destroyed 26 combat bots 33112 | -1/Garrison | Spotted B-99 Colossus 33115 | -1/Garrison | Triggered checkpoint 33123 | -1/Garrison | Destroyed B-99 Colossus 33159 | -1/Garrison | Triggered checkpoint 33167 | -1/Garrison | Expanded RIF knowledge: Code Merge 33184 | -1/Garrison | Destroyed 7 combat bots 33197 | -1/Garrison | Triggered checkpoint 33213 | -1/Garrison | Learned Access security intel 33227 | -1/Garrison | Triggered checkpoint 33230 | -1/Garrison | Triggered checkpoint 33239 | -1/Garrison | Triggered checkpoint 33258 | -1/Garrison | Triggered checkpoint 33292 | -1/Garrison | Garrison Relay disabled 33292 | -1/Garrison | Reached level 36 33296 | -1/Garrison | Destroyed 15 combat bots 33307 | -1/Garrison | Triggered checkpoint 33313 | -1/Garrison | Garrison Relay disabled 33322 | -1/Garrison | Garrison Relay disabled 33351 | -1/Garrison | Entered Access 33353 | -1/Access | Loaded intel: 114 machine locations 33353 | -1/Access | Identified exit to Garrison 33353 | -1/Access | Entered Garrison 33354 | -1/Garrison | Loaded intel: 32 machine locations 33354 | -1/Garrison | Learned Access security intel 33374 | -1/Garrison | Garrison Relay disabled 33379 | -1/Garrison | Triggered checkpoint 33422 | -1/Garrison | Spotted B-99 Colossus 33454 | -1/Garrison | Destroyed 13 combat bots 33486 | -1/Garrison | Destroyed B-99 Colossus 33527 | -1/Garrison | Triggered checkpoint 33542 | -1/Garrison | Triggered checkpoint 33585 | -1/Garrison | Discovered new exit (range 12) 33585 | -1/Garrison | Discovered new exit (range 81) 33585 | -1/Garrison | Discovered new exit (range 60) 33589 | -1/Garrison | Expanded RIF knowledge: Alert ID Control 33591 | -1/Garrison | Triggered checkpoint 33591 | -1/Garrison | Found embedded Infiltrators 33631 | -1/Garrison | Garrison Relay disabled 33634 | -1/Garrison | Triggered checkpoint 33636 | -1/Garrison | Destroyed 22 combat bots 33657 | -1/Garrison | Garrison Relay disabled 33692 | -1/Garrison | Reached level 37 33706 | -1/Garrison | Phase Generator disabled 33708 | -1/Garrison | Garrison Relay disabled 33711 | -1/Garrison | Triggered checkpoint 33713 | -1/Garrison | Destroyed 7 combat bots 33738 | -1/Garrison | Garrison Relay disabled 33743 | -1/Garrison | Triggered checkpoint 33744 | -1/Garrison | Spotted B-99 Colossus 33755 | -1/Garrison | Triggered checkpoint 33759 | -1/Garrison | Destroyed B-99 Colossus 33786 | -1/Garrison | Found Relay Coupler [Proto] 33787 | -1/Garrison | Destroyed 8 combat bots 33808 | -1/Garrison | Entered Access 33808 | -1/Access | Accompanied by 2 allies 33810 | -1/Access | Loaded intel: 121 machine locations 33968 | -1/Access | Intercept squad dispatched 33984 | -1/Access | Spotted Tracker 33985 | -1/Access | Spotted Tracker 33987 | -1/Access | Destroyed Tracker 33990 | -1/Access | Destroyed Tracker 34009 | -1/Access | Unchained authorized (QV-33N) 34037 | -1/Access | High security lockdown imminent 34056 | -1/Access | Spotted Combat Programmer 34056 | -1/Access | Spotted Combat Programmer 34059 | -1/Access | Destroyed Combat Programmer 34062 | -1/Access | Destroyed Combat Programmer 34080 | -1/Access | Spotted B-99 Colossus 34083 | -1/Access | Destroyed 20 combat bots 34103 | -1/Access | Intercept squad dispatched 34117 | -1/Access | High security lockdown engaged 34124 | -1/Access | Spotted Tracker 34125 | -1/Access | Spotted Tracker 34127 | -1/Access | Destroyed Tracker 34130 | -1/Access | Destroyed Tracker 34151 | -1/Access | Destroyed 13 combat bots 34155 | -1/Access | Spotted Combat Programmer 34156 | -1/Access | Destroyed Combat Programmer 34161 | -1/Access | Spotted Combat Programmer 34167 | -1/Access | Destroyed Combat Programmer 34270 | -1/Access | Destroyed 10 combat bots 34293 | -1/Access | Intercept squad dispatched 34293 | -1/Access | Spotted Tracker 34294 | -1/Access | Spotted Combat Programmer 34294 | -1/Access | Spotted Tracker 34295 | -1/Access | Destroyed Tracker 34295 | -1/Access | Spotted Combat Programmer 34295 | -1/Access | Spotted Combat Programmer 34295 | -1/Access | Spotted Tracker 34297 | -1/Access | Reached level 38 34297 | -1/Access | Destroyed Tracker 34300 | -1/Access | Destroyed Tracker 34300 | -1/Access | Destroyed Combat Programmer 34303 | -1/Access | Destroyed Combat Programmer 34305 | -1/Access | Destroyed Combat Programmer 34311 | -1/Access | Core integrity fell below 50% 34339 | -1/Access | Destroyed 10 combat bots 34453 | -1/Access | Destroyed Investigator 34458 | -1/Access | Spotted Striker 34470 | -1/Access | Destroyed Striker 34478 | -1/Access | Spotted Executioner 34489 | -1/Access | Spotted Striker 34490 | -1/Access | Destroyed Striker 34493 | -1/Access | Spotted Executioner 34504 | -1/Access | Destroyed Executioner 34542 | -1/Access | Destroyed Executioner 34622 | -1/Access | Energy Cycler disabled 34628 | -1/Access | Sterilization system engaged 34629 | -1/Access | Spotted Striker 34629 | -1/Access | Spotted Executioner 34650 | -1/Access | Destroyed B-99 Colossus 34666 | -1/Access | Destroyed Striker 34678 | -1/Access | Destroyed Executioner 34712 | -1/Access | Discovered new exit (range 16) 34728 | -1/Access | Spotted B-99 Colossus 34741 | -1/Access | Destroyed B-99 Colossus 34745 | -1/Access | Spotted B-99 Colossus 34768 | -1/Access | Destroyed B-99 Colossus 34789 | -1/Access | Destroyed 89 combat bots 34841 | -1/Access | Entered Command 34843 | -1/Command | Loaded intel: 50 machine locations 34962 | -1/Command | Disengaged cave seal 34962 | -1/Command | Wild derelicts emerged from the dark tunnel 35018 | -1/Command | Spotted B-99 Colossus 35071 | -1/Command | Disengaged cave seal 35091 | -1/Command | First assault squad dispatched 35139 | -1/Command | High security lockdown imminent 35157 | -1/Command | Reached level 39 35183 | -1/Command | Destroyed 27 combat bots 35219 | -1/Command | High security lockdown engaged 35252 | -1/Command | Discovered new exit (range 11) 35255 | -1/Command | Destroyed 9 combat bots 35255 | -1/Command | Spotted Executioner 35255 | -1/Command | Spotted Striker 35255 | -1/Command | Spotted B-99 Colossus 35255 | -1/Command | Spotted Executioner 35255 | -1/Command | Spotted Alpha 7 35264 | -1/Command | Destroyed Striker 35268 | -1/Command | Spotted Striker 35268 | -1/Command | Destroyed Striker 35271 | -1/Command | Destroyed Executioner 35273 | -1/Command | Spotted Executioner 35274 | -1/Command | Destroyed Executioner 35276 | -1/Command | Destroyed Executioner 35287 | -1/Command | Destroyed Alpha 7 35330 | -1/Command | Spotted Executioner 35332 | -1/Command | Spotted Alpha 7 35333 | -1/Command | Destroyed Executioner 35339 | -1/Command | Destroyed Alpha 7 35342 | -1/Command | Spotted B-99 Colossus 35350 | -1/Command | Destroyed B-99 Colossus 35353 | -1/Command | Crushed by falling debris 35377 | -1/Command | Destroyed B-99 Colossus 35398 | -1/Command | Destroyed 23 combat bots 35402 | -1/Command | Spotted M Guard 35402 | -1/Command | Spotted M Guard 35402 | -1/Command | Spotted Combat Programmer 35402 | -1/Command | Spotted Combat Programmer 35438 | -1/Command | Destroyed Combat Programmer 35479 | -1/Command | Destroyed 11 combat bots 35523 | -1/Command | Destroyed 7 combat bots 35535 | -1/Command | Phase Generator disabled 35592 | -1/Command | Spotted Executioner 35615 | -1/Command | Destroyed 10 combat bots 35623 | -1/Command | Found Exp. Core Analyzer 35755 | -1/Command | Spotted Striker 35755 | -1/Command | Spotted Executioner 35758 | -1/Command | Spotted Striker 35759 | -1/Command | Destroyed Executioner 35764 | -1/Command | Destroyed Striker 35767 | -1/Command | Destroyed Striker 35768 | -1/Command | Spotted Striker 35768 | -1/Command | Spotted Striker 35776 | -1/Command | Spotted Executioner 35777 | -1/Command | Spotted Executioner 35780 | -1/Command | Spotted Executioner 35782 | -1/Command | Destroyed Striker 35790 | -1/Command | Core integrity fell below 20% 35799 | -1/Command | Spotted Striker 35801 | -1/Command | Spotted Striker 35802 | -1/Command | Spotted Striker 35813 | -1/Command | Destroyed Striker 35834 | -1/Command | Destroyed 15 combat bots 35838 | -1/Command | Destroyed Striker 35844 | -1/Command | Destroyed Striker 35860 | -1/Command | Destroyed Striker 35879 | -1/Command | Destroyed Executioner 35901 | -1/Command | Destroyed Executioner 35983 | -1/Command | Destroyed Executioner 35986 | -1/Command | Destroyed Executioner 36006 | -1/Command | Spotted Striker 36009 | -1/Command | Spotted Striker 36013 | -1/Command | Spotted Striker 36017 | -1/Command | Destroyed Striker 36019 | -1/Command | Destroyed Striker 36023 | -1/Command | Spotted Striker 36035 | -1/Command | Destroyed Striker 36035 | -1/Command | Destroyed Striker 36056 | -1/Command | Destroyed 51 combat bots 36083 | -1/Command | Spotted Striker 36083 | -1/Command | Spotted Striker 36084 | -1/Command | Destroyed Striker 36089 | -1/Command | Spotted Striker 36091 | -1/Command | Destroyed Striker 36104 | -1/Command | Destroyed Striker 36110 | -1/Command | Spotted Striker 36117 | -1/Command | Destroyed Striker 36132 | -1/Command | Spotted Executioner 36154 | -1/Command | Destroyed Executioner 36175 | -1/Command | Destroyed 25 combat bots 36201 | -1/Command | Destroyed Combat Programmer 36336 | -1/Command | Destroyed M Guard 36343 | -1/Command | Found Prototype Device 36343 | -1/Command | Identified AEGIS Remote Shield 36358 | -1/Command | Destroyed M Guard 36358 | -1/Command | All MAIN.C guards destroyed 36358 | -1/Command | Spotted Striker 36358 | -1/Command | Spotted Executioner 36360 | -1/Command | Destroyed Executioner 36370 | -1/Command | Destroyed Striker 36401 | -1/Command | Spotted Executioner 36409 | -1/Command | Destroyed Executioner 36433 | -1/Command | Destroyed 8 combat bots 36550 | -1/Command | Destroyed 14 combat bots 36812 | -1/Command | Destroyed 57 combat bots 36977 | -1/Command | Destroyed 43 combat bots 38488 | -1/Command | Destroyed 9 combat bots 38606 | -1/Command | Reached level 40 38642 | -1/Command | Door terminal overloaded 38733 | -1/Command | Destroyed 50 combat bots 38802 | -1/Command | Build established: Machinist-Sprinter 38963 | -1/Command | Destroyed 78 combat bots 39146 | -1/Command | Destroyed 29 combat bots 39292 | -1/Command | Found Zero-point Reactor 39387 | -1/Command | Met MAIN.C 39394 | -1/Command | Found Thermal Barrier 39450 | -1/Command | Destroyed MAIN.C Shell 39453 | -1/Command | MAIN.C activated Command garrisons 39644 | -1/Command | Destroyed 8 combat bots 39756 | -1/Command | Destroyed MAIN.C 39760 | -1/Command | Discovered new exit (range 100) 39760 | -1/Command | Discovered new exit (range 27) 39760 | -1/Command | Extracted map data and part IDs from MAIN.C's data core 39964 | -1/Command | Found Exp. System Purifier 40175 | -1/Command | Found Adv. Kinecellerator 40178 | -1/Command | Found Hvy. Regenerative Plating 40181 | -1/Command | Found Exp. ECM Suite 40211 | -1/Command | Found Multirail 40225 | -1/Command | Found Exp. Cloaking Device 40254 | -1/Command | Found Hpw. Disruptor Cannon 40281 | -1/Command | Found Centrium Heavy Armor Plating 40312 | *** | Establishing 0b11! Last Messages --------------- 40256_ Acquired Exp. Energy Well. 40276_ Dropped Exp. Energy Well. 40276_ Dropped Exp. Phase Shifter. 40277_ Acquired Coolant Network. 40278_ Dropped Coolant Network. 40279_ Acquired Exp. Phase Shifter. 40281_ Dropped Exp. Phase Shifter. 40281_ Acquired Centrium Heavy Armor Plating. 40283_ Dropped Centrium Heavy Armor Plating. 40283_ Acquired Exp. Phase Shifter. 40285_ Acquired Enh. Force Rifle. 40288_ Dropped Exp. ECM Suite. 40288_ Acquired Graphene Brace. 40295_ Acquired 1 matter. 40296_ Acquired 58 matter. 40297_ Acquired 238 matter. 40297_ Acquired 37 matter. [Achievement: Commander 0b11] [Achievement: Data Run] [Achievement: One Last FU] Map ----- +----------------------------------------------------+ | ?????????????????????????????????????????????????? | | ?????????????????????????????????????????????????? | | ?????????????????????????????????????????????????? | | ?????????????????????????????????????????????????? | | ?????????????????????????????????????????????????? | | ????????????????????????????????????????########## | | ????????????????????????????????????????#??????### | | ????????????????????????????###########?#?######## | | ????????????????????????????###########?#?#""""""" | | ????????????????????????????## ##?###"" | | ????????????????????????????## [ ##?###""""" | | ????????????????????????????## ##?###""""""" | | ????????????????????????????##! ##?###" " | | ????????????????????????????## ##?###"" """ | | ????????????????????????????## ##?###"" """ | | ????????????????????????????## ##?### " """ | | ????????????????????????????## !##?### " | | ????????????????????????????## ##?### " | | ????????????????????????????## ##?###""""""" | | ????????????????????????????## ##?###"" | | ????????????????????????????## ##?### | | ????????????????????????????## ###### | | ??????????????????????######## ###### | | ??????????????????????######## ## | | ??????????????????????## ## ## " | | ??????????????????????## @ ## + " | | ??????????????????????## ####+########## """" | | ???????????????########### ### ########## " "" | | ???????????????########### ### ##?????### "" | | ???????????????## # ### ##?????########## | | ???????????????## # ### ##?????########## | | ???????????????## "" # ### ################# | | ???????????????## """ + #######?????????? | | ???????????????## "T # ^ + ####???????? | | ???????????????## """ #^ # ####???????? | | ??????????????### "" # ^ # ""##???????? | | ??????????????## #^== # T"##???????? | | ???????########## # == + ""##???????? | | ???????################### == # ! ####???????? | | ???????## """"""""""" # # ####???????? | | ???????## """"T"""" # # ##?????????? | | ######### # # * ##?????????? | | ######### / * #######?????????? | | # # + ###?????????? | | # # ### !## ##??????????? | | ! # # ##"!!## ##??????????? | | # # ###"### ##??????????? | | # # ### ### ##??????????? | | ! "" #######+#####+#### ####### ##??????????? | | """"### ]]] ### ####### ###########?? | +----------------------------------------------------+ Best States ------------- Heat Dissipation 205 Energy Generation 72 Energy Capacity 900 Matter Stores 350 Matter Capacity 350 Sight Range 19 Robot Scan Range 15 Terrain Scan Density 10 ECM Strength 3 EM Shielding 4 Corruption Block 15 Armor Coverage 600 Resistance: KI 20 Resistance: TH 50 Resistance: EX 50 Weapon Shielding 100 Weapon Cycling 30 Phase Shifting 20 Evasion (%) 101 Targeting Accuracy 8 Melee Accuracy 13 Target Analysis 14 Core Analysis 12 Armor Integrity Analysis 50 Recoil Reduction 1 Energy Filtering 50 Particle Charging 30 Offensive Hacking 29 Defensive Hacking 50 Relay Coupler Types 1 Relay Coupler Value 46 Item Schematics ----------------- Spear | -7/Factory | Hacked Adv. Beam Rifle | -7/Factory | Hacked Hyb. Fission Core | -7/Factory | Hacked Cld. Particle Cannon | -7/Factory | Hacked Plasma Rifle | -7/Zion | Archive Energy Filter | -7/Zion | Archive Imp. Remote Datajack | -7/Zion | Archive Imp. Melee Analysis Suite | -7/Zion | Archive Fission Core | -7/Zion | Archive Weapon Cycler | -7/Zion | Archive Adv. Terrain Scanner | -7/Zion | Archive System Restoration Module | -7/Zion | Archive Fusion Compressor | -7/Zion | Archive Armor Integrity Analyzer | -7/Zion | Archive Adv. Sensor Array | -7/Zion | Archive Hvy. Flak Cannon | -7/Zion | Archive EM Disruption Field | -7/Zion | Archive HERF Cannon | -7/Zion | Archive Prc. Energy Filter | -6/Data Miner | Free Adv. Corruption Screen | -5/Factory | Hacked Adv. Target Analyzer | -5/Factory | Hacked Enh. Force Rifle | -5/Factory | Hacked Adv. Weapon Cycler | -5/Factory | Hacked Dynamic Insulation System | -5/Factory | Hacked Exp. Heat Sink | -5/Zhirov | Free Diametric Drive | -4/Factory | Hacked Adv. Phase Shifter | -4/Factory | Hacked Particle Accelerator | -4/Factory | Hacked Stasis Canceller | -3/Research | Hacked Robot Schematics ------------------ A-02 Transporter | -7/Zion | Archive O-24 Administrator | -7/Zion | Archive O-32 Director | -6/Data Miner | Free S-27 Virus | -6/Data Miner | Free B-48 Gladiator | -6/Data Miner | Free L-61 Swordsman | -6/Data Miner | Free M-36 Artificer | -6/Data Miner | Free P-70 Sage | -6/Data Miner | Free Fabricated ------------ Adv. Beam Rifle | x1 | -7/Factory Cld. Particle Cannon | x1 | -7/Factory Adv. Beam Rifle | x1 | -7/Factory Adv. Beam Rifle | x1 | -7/Factory Adv. Beam Rifle | x1 | -7/Factory Adv. Beam Rifle | x1 | -6/Factory Enh. Force Rifle | x1 | -5/Factory Enh. Force Rifle | x1 | -5/Factory Enh. Force Rifle | x1 | -5/Factory Enh. Force Rifle | x1 | -5/Factory Enh. Force Rifle | x1 | -5/Factory Dynamic Insulation System | x2 | -4/Factory Dynamic Insulation System | x2 | -4/Factory Prc. Energy Filter | x1 | -4/Factory Diametric Drive | x1 | -4/Factory Diametric Drive | x1 | -4/Factory Diametric Drive | x1 | -4/Factory Diametric Drive | x1 | -4/Factory Diametric Drive | x1 | -4/Factory Diametric Drive | x1 | -4/Factory Particle Accelerator | x1 | -4/Factory Enh. Force Rifle | x1 | -3/Research Stasis Canceller | x2 | -3/Research Diametric Drive | x1 | -2/Research Repaired ---------- Nothing Studied --------- Beam Rifle | -9/Materials | Hacked Lgt. Nuclear Core | -8/Materials | Hacked Flight Unit | -7/Factory | Hacked Lgt. Fission Core | -6/Factory | Hacked Nuclear Pulse Array | -5/Factory | Hacked Alien Tech Used ----------------- Core Expander Integrated Dissipator Transdimensional Reconstructor Matter Drive Terrabomb Achievements -------------- Commander 0b11 Data Run Deconstruction Decrypted! For Science! Guerrilla Style Leap Before You Look Meet Your Maker One Last FU Spacetime Is Relative Unlimited Data void main() Challenges ------------ None RPGLIKE | -11 -10 -10 -9 -9 -9 -8 -8 -8 -8 -8 -7 -7 -7 -7 -7 -7 -7 -6 -6 -6 -6 -6 -5 -5 -5 -5 -5 -4 -4 -4 -4 -4 -4 -4 -3 -3 -3 -3 -2 -2 -1 -1 -1 -1 -1 -1 --------- Run | Yrd Mat Min Mat Min Exi Min Mat Gar Mat Gar Fac Was Fac Low Low Zio Dee Pro Fac Low Low Dat Pro Fac Upp Upp Zhi Pro Fac Was Fac Upp Upp War Pro Res Arm Lab Res Qua Acc Gar Acc Gar Acc Com Levels Raised 39 | . 2 2 5 . 1 . 2 1 1 . 2 . 1 . . . . 1 2 . . . 1 2 . . . 1 2 . . . 1 1 . 1 1 . 2 . 1 2 . 1 1 2 XP Earned 62189 | 3000 4245 1883 7577 409 1093 672 2688 1656 1156 931 2067 46 1410 128 432 82 249 1198 2496 153 391 372 1411 2121 453 359 105 588 2801 32 939 224 221 1925 732 961 871 702 2473 830 1036 2538 . 1550 2256 2727 XP Spent 61440 | 2900 3100 . 8850 . 3150 . 2300 1950 1600 . 2910 . 1000 . . . 500 160 4340 . . . 1400 1670 . . . . 3100 . 1050 . . 4500 . . . 3500 500 . 3940 2550 . 2000 1200 3270 Upgrades 92 | 4 6 . 16 . 4 . 1 2 2 . 10 . 1 . . . 2 4 4 . . . 1 5 . . . . 2 . 1 . . 3 . . . 1 1 . 6 4 . 2 1 9 Power Slot 1 | . . . . . . . . . . . . . . . . . . . . . . . . . . . . . . . . . . . . . . . 1 . . . . . . . Propulsion Slot 4 | 1 2 . . . . . . . . . . . . . . . . . . . . . 1 . . . . . . . . . . . . . . . . . . . . . . . Utility Slot 11 | . 1 . 4 . 1 . 1 . . . . . . . . . . . 1 . . . . . . . . . 1 . . . . 1 . . . 1 . . . . . . . . Weapon Slot 4 | 3 . . . . . . . 1 . . . . . . . . . . . . . . . . . . . . . . . . . . . . . . . . . . . . . . Core Integrity 8 | . . . . . . . . . . . . . . . . . . 4 . . . . . . . . . . . . . . . . . . . . . . . . . . . 4 Heat Dissipation 23 | . 1 . 5 . . . . . . . 7 . . . . . . . 2 . . . . 4 . . . . . . . . . . . . . . . . 4 . . . . . Energy Generation 5 | . . . 1 . . . . 1 1 . . . . . . . . . . . . . . . . . . . . . 1 . . . . . . . . . . . . . . 1 Matter Storage 1 | . . . . . . . . . . . . . . . . . . . . . . . . . . . . . . . . . . . . . . . . . . . . . . 1 Mass Support 3 | . . . 2 . . . . . . . . . . . . . . . 1 . . . . . . . . . . . . . . . . . . . . . . . . . . . Inventory Capacity 5 | . 1 . 1 . 1 . . . . . . . 1 . . . . . . . . . . . . . . . . . . . . . . . . . . . . . . 1 . . Sight Range 3 | . . . . . 2 . . . . . . . . . . . . . . . . . . . . . . . . . . . . . . . . . . . . . . . . 1 Ranged Accuracy 9 | . 1 . 3 . . . . . 1 . 1 . . . . . . . . . . . . . . . . . . . . . . . . . . . . . 2 . . . 1 . Hack Attack % 1 | . . . . . . . . . . . 1 . . . . . . . . . . . . . . . . . . . . . . . . . . . . . . . . . . . Hack Defense % 1 | . . . . . . . . . . . 1 . . . . . . . . . . . . . . . . . . . . . . . . . . . . . . . . . . . KI Resistance % 4 | . . . . . . . . . . . . . . . . . . . . . . . . 1 . . . . . . . . . . . . . . . . . 2 . . . 1 TH Resistance % 4 | . . . . . . . . . . . . . . . . . 2 . . . . . . . . . . . . . . . . . . . . . . . . 1 . 1 . . KI Damage % 1 | . . . . . . . . . . . . . . . . . . . . . . . . . . . . . . . . . . . . . . . . . . . . . . 1 TH Damage % 4 | . . . . . . . . . . . . . . . . . . . . . . . . . . . . . 1 . . . . 2 . . . . . . . 1 . . . . Protomatter Created 34658 | . 299 60 709 . 326 36 375 439 478 652 318 . 913 127 241 407 298 320 932 108 158 . 509 777 257 420 88 14 981 250 246 59 150 4680 407 511 443 . 1102 214 76 892 . 1225 3322 10839 Integrity Restored 39149 | . 510 54 1193 . 527 23 469 855 464 370 375 . 905 208 390 588 1088 924 1187 293 159 . 585 1633 313 203 . 42 770 99 485 73 138 4659 85 659 563 . 2220 516 . 1071 . 1092 2395 10966 Core 31156 | . 434 54 922 . 436 18 453 649 389 297 274 . 687 199 288 474 673 924 877 211 93 . 466 1343 236 160 . 42 612 95 397 73 112 3713 65 524 304 . 1751 400 . 846 . 883 1901 8881 Parts 7993 | . 76 . 271 . 91 5 16 206 75 73 101 . 218 9 102 114 415 . 310 82 66 . 119 290 77 43 . . 158 4 88 . 26 946 20 135 259 . 469 116 . 225 . 209 494 2085 Protomatter Decayed 14665 | . 125 . 135 . 120 67 261 47 303 560 302 . 570 34 54 33 93 12 436 6 59 . 120 286 50 229 . . 765 177 190 . . 1616 344 335 239 . 245 90 . 323 . 564 1365 4510 Game ------ Seed BlanketInertialTerrabomb Manual? 0 Play Time 14:04:24 Cumulative 194.1 hours Start 2025.11.16 @ 20:16:16 End 2025.11.18 @ 20:40:46 Sessions 5 Manual Loads 0 Difficulty Rogue Special Mode Winter2019/RPGLIKE Game No. 59 Rogue 59 Adventurer 0 Explorer 0 Win Type 1 Total 7 Types 2/1/1/3/0/0/0/0/0/0 Lore% 61 Gallery% 57 Achievement% 57 Wizard Run 0 Options --------- Layout 2 ASCII 0 Keyboard 0 Movement Mouse Keybinds 1 Fullscreen 2 Font 20/X11 Map View 64x51 Zoom Use 0% Tactical HUD 1 Map Filters NONE Filters NONE Steam 1 RUN: f41bb1c0-542e-4c62-9115-c58c9fc9b927